Workbook
Name AC: #REF!
Name CPU: #REF!
Name CPU: #REF!
Name DF: #REF!
Name HTML_CodePage: 437
Name HTML_Control: {"'Armação'!$A$1:$A$2"}
Name HTML_Description: ""
Name HTML_Email: ""
Name HTML_Header: "Armação"
Name HTML_LastUpdate: "21/03/98"
Name HTML_LineAfter: 0
Name HTML_LineBefore: 0
Name HTML_Name: "Gustavo"
Name HTML_OBDlg2: 1
Name HTML_OBDlg4: 1
Name HTML_OS: 0
Name HTML_PathFile: "C:\Meus Documentos\MeuHTML.htm"
Name HTML_Title: "Modêlo Tabela de Armação"
Name LUCRO: #REF!
Name PO: 'ANEXO IX.1 - ORÇAMENTO'!$A$10:$M$206
Name PO: #REF!
Name PO_R2: 'ANEXO IX.1 - ORÇAMENTO'!$A$10:$M$207
Name RISCO: #REF!
Name SG: #REF!
Name TIP_OBRA: #REF!
Name VALOR_BDI: #REF!

Sheet ANEXO IX.1 - ORÇAMENTO
A1: [ LOGO DA EMPRESA ] | D1: [NOME DA EMPRESA] [ENDEREÇO, TELEFONE, E-MAIL] [CNPJ] | J1: ANEXO IX.1 PLANILHA ORÇAMENTÁRIA Orçamento proponente
A3: OBRA: | F3: FONTE:
A4: REFORMA E ADEQUAÇÃO DA ESTAÇÃO ELEVATÓRIA DE ESGOTO DE ÁGUA FRIA | F4: SINAPI (07/2026) / CPOS (06/2026) / SABESP (03/2026) - NÃO DESONERADO
A6: LOCAL: | F6: BDI 1 | G6: BDI 2 | H6: BDI 3 | I6: Fator K | J6: DATA BASE: | L6: % DESCONTO PROPONENTE | R6: % RECURSO FEHIDRO
A7: AV. TETRACAMPEONATO, S/N°, CIDADE ARACY, SÃO CARLOS, SP | F7: ='ANEXO IX.2 - BDI'!D31 -> 0.25 | G7: ='ANEXO IX.2 - BDI'!D51 -> 0.1402 | H7: - | I7: - | J7: 46235 | R7: 0.83614175
O8: DADOS REF. AO ORÇAMENTO BASE DA LICITAÇÃO
A9: Item | B9: Fonte (Ref.) | C9: Código | D9: Descrição | E9: UN | F9: Qtdd. | G9: Custo Unitário S/ BDI (R$) | H9: BDI | I9: Preço Unitário C/ BDI (R$) | J9: Valor Recurso FEHIDRO (R$) | K9: Valor Contrapartida SAAE (R$) | L9: Preço TOTAL (R$) | M9: % | O9: Custo Unitário S/ BDI (R$) | P9: Valor Recurso FEHIDRO (R$) | Q9: Valor Contrapartida SAAE (R$) | R9: Preço TOTAL (R$)
A10: 1 | D10: SERVIÇOS PRELIMINARES E CANTEIRO DE OBRAS | J10: =SUM(J11:J15) -> 0 | K10: =SUM(K11:K15) -> 0 | L10: =SUM(L11:L15) -> 0 | M10: =L10/$L$207 -> #DIV/0! | P10: 9461.05 | Q10: 6988.2 | R10: 16449.25
A11: 1.1 | B11: CPOS (09/2025) | C11: 02.08.050 | D11: PLACA DE IDENTIFICAÇÃO PARA OBRA EM LONA COM IMPRESSÃO DIGITAL E ESTRUTURA EM MADEIRA | E11: m² | F11: 24 | H11: BDI 1 | I11: =TRUNC(G11*(1+HLOOKUP(H11,$F$6:$I$7,2,FALSE)),2) -> 0 | J11: =IF(G11="",0,IF($L$7=0,P11,ROUND($R$7*L11,2))) -> 0 | K11: =L11-J11 -> 0 | L11: =ROUND(F11*I11,2) -> 0 | O11: 206.06 | P11: 589.61 | Q11: 5592.07 | R11: 6181.68
A12: 1.2 | B12: SINAPI (11/2025) | C12: 10775 | D12: LOCACAO DE CONTAINER 2,30 X 6,00 M, ALT. 2,50 M, COM 1 SANITARIO, PARA ESCRITÓRIO E DEPÓSITO, COMPLETO, SEM DIVISORIAS INTERNAS | E12: mês | F12: 6 | H12: BDI 1 | I12: =TRUNC(G12*(1+HLOOKUP(H12,$F$6:$I$7,2,FALSE)),2) -> 0 | J12: =IF(G12="",0,IF($L$7=0,P12,ROUND($R$7*L12,2))) -> 0 | K12: =L12-J12 -> 0 | L12: =ROUND(F12*I12,2) -> 0 | O12: 872.5 | P12: 5720.59 | Q12: 823.13 | R12: 6543.72
A13: 1.3 | B13: SINAPI (11/2025) | C13: 98524 | D13: LIMPEZA MANUAL DE VEGETAÇÃO EM TERRENO COM ENXADA.AF_05/2018 | E13: m² | F13: 318.57 | H13: BDI 1 | I13: =TRUNC(G13*(1+HLOOKUP(H13,$F$6:$I$7,2,FALSE)),2) -> 0 | J13: =IF(G13="",0,IF($L$7=0,P13,ROUND($R$7*L13,2))) -> 0 | K13: =L13-J13 -> 0 | L13: =ROUND(F13*I13,2) -> 0 | O13: 6.86 | P13: 2353.91 | Q13: 376.23 | R13: 2730.14
A14: 1.4 | B14: CPOS (09/2025) | C14: 03.07.050 | D14: FRESAGEM DE PAVIMENTO ASFÁLTICO COM ESPESSURA ATÉ 5 CM, INCLUSIVE CARREGAMENTO, TRANSPORTE ATÉ 1 QUILÔMETRO E DESCARREGAMENTO | E14: m² | F14: 54.3 | H14: BDI 1 | I14: =TRUNC(G14*(1+HLOOKUP(H14,$F$6:$I$7,2,FALSE)),2) -> 0 | J14: =IF(G14="",0,IF($L$7=0,P14,ROUND($R$7*L14,2))) -> 0 | K14: =L14-J14 -> 0 | L14: =ROUND(F14*I14,2) -> 0 | O14: 13.9 | P14: 751.61 | Q14: 191.58 | R14: 943.19
A15: 1.5 | B15: SINAPI (11/2025) | C15: 105136 | D15: LOCAÇÃO DE PONTO PARA REFERÊNCIA TOPOGRÁFICA. AF_03/2024 | E15: unid | F15: 1 | H15: BDI 1 | I15: =TRUNC(G15*(1+HLOOKUP(H15,$F$6:$I$7,2,FALSE)),2) -> 0 | J15: =IF(G15="",0,IF($L$7=0,P15,ROUND($R$7*L15,2))) -> 0 | K15: =L15-J15 -> 0 | L15: =ROUND(F15*I15,2) -> 0 | O15: 40.42 | P15: 45.33 | Q15: 5.19 | R15: 50.52
A16: 2 | D16: EXECUÇÃO DE LIGAÇÃO PROVISÓRIA AO POÇO DE SUCÇÃO | J16: =SUM(J17:J25) -> 0 | K16: =SUM(K17:K25) -> 0 | L16: =SUM(L17:L25) -> 0 | M16: =L16/$L$207 -> #DIV/0! | P16: 7201.66 | Q16: 1131.74 | R16: 8333.4
A17: 2.1 | B17: SINAPI (11/2025) | C17: 102276 | D17: ESCAVAÇÃO MECANIZADA DE VALA COM PROF. ATÉ 1,5 M (MÉDIA MONTANTE E JUSANTE/UMA COMPOSIÇÃO POR TRECHO), ESCAVADEIRA (0,8 M3), LARG. MENOR QUE 1,5 M, EM SOLO DE 1A CATEGORIA, EM LOCAIS COM ALTO NÍVEL DE INTERFERÊNCIA. AF_02/2021 | E17: m³ | F17: 12.48 | H17: BDI 1 | I17: =TRUNC(G17*(1+HLOOKUP(H17,$F$6:$I$7,2,FALSE)),2) -> 0 | J17: =IF(G17="",0,IF($L$7=0,P17,ROUND($R$7*L17,2))) -> 0 | K17: =L17-J17 -> 0 | L17: =ROUND(F17*I17,2) -> 0 | O17: 12.65 | P17: 169.38 | Q17: 27.93 | R17: 197.31
A18: 2.2 | B18: SABESP (09/2025) | C18: HM01964 | D18: CURVA 45° LONGA PVC RÍGIDO D=400 MM PBJE COLETOR DE ESGOTO | E18: unid | F18: 2 | H18: BDI 1 | I18: =TRUNC(G18*(1+HLOOKUP(H18,$F$6:$I$7,2,FALSE)),2) -> 0 | J18: =IF(G18="",0,IF($L$7=0,P18,ROUND($R$7*L18,2))) -> 0 | K18: =L18-J18 -> 0 | L18: =ROUND(F18*I18,2) -> 0 | O18: 598 | P18: 1405.85 | Q18: 89.15 | R18: 1495
A19: 2.3 | B19: CPOS (09/2025) | C19: 46.05.090 | D19: TUBO PVC RÍGIDO OCRE, TIPO COLETOR ESGOTO, JUNTA ELÁSTICA, DN= 400 MM, INCLUSIVE CONEXÕES | E19: m | F19: 7.5 | H19: BDI 1 | I19: =TRUNC(G19*(1+HLOOKUP(H19,$F$6:$I$7,2,FALSE)),2) -> 0 | J19: =IF(G19="",0,IF($L$7=0,P19,ROUND($R$7*L19,2))) -> 0 | K19: =L19-J19 -> 0 | L19: =ROUND(F19*I19,2) -> 0 | O19: 461.7 | P19: 3620.43 | Q19: 707.97 | R19: 4328.4
A20: 2.4 | B20: CPOS (09/2025) | C20: 01.23.100 | D20: DEMOLIÇÃO DE CONCRETO ARMADO COM PRESERVAÇÃO DE ARMADURA, PARA REFORÇO E RECUPERAÇÃO ESTRUTURAL | E20: m³ | F20: 0.15 | H20: BDI 1 | I20: =TRUNC(G20*(1+HLOOKUP(H20,$F$6:$I$7,2,FALSE)),2) -> 0 | J20: =IF(G20="",0,IF($L$7=0,P20,ROUND($R$7*L20,2))) -> 0 | K20: =L20-J20 -> 0 | L20: =ROUND(F20*I20,2) -> 0 | O20: 541.1 | P20: 86.76 | Q20: 14.7 | R20: 101.46
A21: 2.5 | B21: SINAPI (11/2025) | C21: 93378 | D21: REATERRO MECANIZADO DE VALA COM RETROESCAVADEIRA (CAPACIDADE DA CAÇAMBA DA RETRO: 0,26 M³/POTÊNCIA: 88 HP), LARGURA ATÉ 0,8 M, PROFUNDIDADE ATÉ 1,5 M, COM SOLO (SEM SUBSTITUIÇÃO) DE 1ª CATEGORIA, COM COMPACTADOR DE SOLOS DE PERCUSSÃO. AF_08/2023 | E21: m³ | F21: 31 | H21: BDI 1 | I21: =TRUNC(G21*(1+HLOOKUP(H21,$F$6:$I$7,2,FALSE)),2) -> 0 | J21: =IF(G21="",0,IF($L$7=0,P21,ROUND($R$7*L21,2))) -> 0 | K21: =L21-J21 -> 0 | L21: =ROUND(F21*I21,2) -> 0 | O21: 29.25 | P21: 987.1 | Q21: 146.26 | R21: 1133.36
A22: 2.6 | B22: SINAPI (11/2025) | C22: 92267 | D22: FABRICAÇÃO DE FÔRMA PARA LAJES, EM CHAPA DE MADEIRA COMPENSADA RESINADA, E = 17 MM. AF_09/2020 - (REPARO DA ESTRUTURA DE CONCRETO APÓS RETIRADA) | E22: m² | F22: 1.96 | H22: BDI 1 | I22: =TRUNC(G22*(1+HLOOKUP(H22,$F$6:$I$7,2,FALSE)),2) -> 0 | J22: =IF(G22="",0,IF($L$7=0,P22,ROUND($R$7*L22,2))) -> 0 | K22: =L22-J22 -> 0 | L22: =ROUND(F22*I22,2) -> 0 | O22: 44.25 | P22: 99.27 | Q22: 9.14 | R22: 108.41
A23: 2.7 | B23: SINAPI (11/2025) | C23: 92802 | D23: CORTE E DOBRA DE AÇO CA-50, DIÂMETRO DE 8,0 MM. AF_06/2022 - (REPARO DA ESTRUTURA DE CONCRETO APÓS RETIRADA) | E23: kg | F23: 15 | H23: BDI 1 | I23: =TRUNC(G23*(1+HLOOKUP(H23,$F$6:$I$7,2,FALSE)),2) -> 0 | J23: =IF(G23="",0,IF($L$7=0,P23,ROUND($R$7*L23,2))) -> 0 | K23: =L23-J23 -> 0 | L23: =ROUND(F23*I23,2) -> 0 | O23: 8.54 | P23: 137.02 | Q23: 23.03 | R23: 160.05
A24: 2.8 | B24: CPOS (09/2025) | C24: 11.05.030 | D24: ARGAMASSA GRAUTE AUTONIVELANTE DE ALTA RESISTÊNCIA - (REPARO DA ESTRUTURA DE CONCRETO APÓS RETIRADA) | E24: m³ | F24: 0.15 | H24: BDI 1 | I24: =TRUNC(G24*(1+HLOOKUP(H24,$F$6:$I$7,2,FALSE)),2) -> 0 | J24: =IF(G24="",0,IF($L$7=0,P24,ROUND($R$7*L24,2))) -> 0 | K24: =L24-J24 -> 0 | L24: =ROUND(F24*I24,2) -> 0 | O24: 4154.47 | P24: 668.54 | Q24: 110.42 | R24: 778.96
A25: 2.9 | B25: SINAPI (11/2025) | C25: 45146 | D25: ADITIVO IMPERMEABILIZANTE CRISTALIZANTE PARA CONCRETO (Ref.: XYPEX ou equivalente técnico) - (REPARO DA ESTRUTURA DE CONCRETO APÓS RETIRADA) | E25: kg | F25: 0.75 | H25: BDI 1 | I25: =TRUNC(G25*(1+HLOOKUP(H25,$F$6:$I$7,2,FALSE)),2) -> 0 | J25: =IF(G25="",0,IF($L$7=0,P25,ROUND($R$7*L25,2))) -> 0 | K25: =L25-J25 -> 0 | L25: =ROUND(F25*I25,2) -> 0 | O25: 32.48 | P25: 27.31 | Q25: 3.14 | R25: 30.45
A26: 3 | D26: REDE DE ESGOTO SANITÁRIO (ES) | J26: =SUM(J27:J36) -> 0 | K26: =SUM(K27:K36) -> 0 | L26: =SUM(L27:L36) -> 0 | M26: =L26/$L$207 -> #DIV/0! | P26: 32517.16 | Q26: 6720.44 | R26: 39237.6
A27: 3.1 | B27: SINAPI (11/2025) | C27: 102139 | D27: POÇO DE VISITA CIRCULAR PARA ESGOTO, EM CONCRETO PRÉ-MOLDADO, DIÂMETRO INTERNO = 1,20 M, PROFUNDIDADE CONFORME PROJETO, EXCLUINDO TAMPÃO. AF_12/2020 | E27: unid | F27: 2 | H27: BDI 1 | I27: =TRUNC(G27*(1+HLOOKUP(H27,$F$6:$I$7,2,FALSE)),2) -> 0 | J27: =IF(G27="",0,IF($L$7=0,P27,ROUND($R$7*L27,2))) -> 0 | K27: =L27-J27 -> 0 | L27: =ROUND(F27*I27,2) -> 0 | O27: 1952.42 | P27: 3974.86 | Q27: 906.18 | R27: 4881.04
A28: 3.2 | B28: SINAPI (11/2025) | C28: 98050 | D28: CHAMINÉ CIRCULAR PARA POÇO DE VISITA PARA ESGOTO, EM CONCRETO PRÉ-MOLDADO, DIÂMETRO INTERNO = 0,6 M E ALTURA DE 0,50M. AF_12/2020 | E28: m | F28: 1 | H28: BDI 1 | I28: =TRUNC(G28*(1+HLOOKUP(H28,$F$6:$I$7,2,FALSE)),2) -> 0 | J28: =IF(G28="",0,IF($L$7=0,P28,ROUND($R$7*L28,2))) -> 0 | K28: =L28-J28 -> 0 | L28: =ROUND(F28*I28,2) -> 0 | O28: 341.06 | P28: 339.27 | Q28: 87.05 | R28: 426.32
A29: 3.3 | B29: SINAPI (11/2025) | C29: 90728 | D29: JUNTA ARGAMASSADA ENTRE TUBO DN 300 MM E O POÇO DE VISITA/ CAIXA DE CONCRETO OU ALVENARIA. AF_01/2021 | E29: unid | F29: 3 | H29: BDI 1 | I29: =TRUNC(G29*(1+HLOOKUP(H29,$F$6:$I$7,2,FALSE)),2) -> 0 | J29: =IF(G29="",0,IF($L$7=0,P29,ROUND($R$7*L29,2))) -> 0 | K29: =L29-J29 -> 0 | L29: =ROUND(F29*I29,2) -> 0 | O29: 66.32 | P29: 214.19 | Q29: 34.51 | R29: 248.7
A30: 3.4 | B30: SINAPI (11/2025) | C30: 90730 | D30: JUNTA ARGAMASSADA ENTRE TUBO DN 400 MM E O POÇO DE VISITA/ CAIXA DE CONCRETO OU ALVENARIA. AF_01/2021 | E30: unid | F30: 4 | H30: BDI 1 | I30: =TRUNC(G30*(1+HLOOKUP(H30,$F$6:$I$7,2,FALSE)),2) -> 0 | J30: =IF(G30="",0,IF($L$7=0,P30,ROUND($R$7*L30,2))) -> 0 | K30: =L30-J30 -> 0 | L30: =ROUND(F30*I30,2) -> 0 | O30: 82.18 | P30: 353.77 | Q30: 57.11 | R30: 410.88
A31: 3.5 | B31: SINAPI (11/2025) | C31: 94963 | D31: CONCRETO FCK = 15MPA, TRAÇO 1:3,4:3,5 (EM MASSA SECA DE CIMENTO/ AREIA MÉDIA/ BRITA 1) - PREPARO MECÂNICO COM BETONEIRA 400 L (ELEVAÇÃO DA COTA DE FUNDO DE CX-EXISTENTE) | E31: m³ | F31: 0.6 | H31: BDI 1 | I31: =TRUNC(G31*(1+HLOOKUP(H31,$F$6:$I$7,2,FALSE)),2) -> 0 | J31: =IF(G31="",0,IF($L$7=0,P31,ROUND($R$7*L31,2))) -> 0 | K31: =L31-J31 -> 0 | L31: =ROUND(F31*I31,2) -> 0 | O31: 443.51 | P31: 285.13 | Q31: 47.5 | R31: 332.63
A32: 3.6 | B32: CPOS (09/2025) | C32: 49.06.420 | D32: TAMPÃO EM FERRO FUNDIDO, DIÂMETRO DE 600 MM, CLASSE D 400 (RUPTURA> 400 KN) | E32: unid | F32: 2 | H32: BDI 1 | I32: =TRUNC(G32*(1+HLOOKUP(H32,$F$6:$I$7,2,FALSE)),2) -> 0 | J32: =IF(G32="",0,IF($L$7=0,P32,ROUND($R$7*L32,2))) -> 0 | K32: =L32-J32 -> 0 | L32: =ROUND(F32*I32,2) -> 0 | O32: 677.04 | P32: 1455.57 | Q32: 237.03 | R32: 1692.6
A33: 3.7 | B33: SINAPI (11/2025) | C33: 102276 | D33: ESCAVAÇÃO MECANIZADA DE VALA COM PROF. ATÉ 1,5 M (MÉDIA MONTANTE E JUSANTE/UMA COMPOSIÇÃO POR TRECHO), ESCAVADEIRA (0,8 M3), LARG. MENOR QUE 1,5 M, EM SOLO DE 1A CATEGORIA, EM LOCAIS COM ALTO NÍVEL DE INTERFERÊNCIA. AF_02/2021 | E33: m³ | F33: 77.27 | H33: BDI 1 | I33: =TRUNC(G33*(1+HLOOKUP(H33,$F$6:$I$7,2,FALSE)),2) -> 0 | J33: =IF(G33="",0,IF($L$7=0,P33,ROUND($R$7*L33,2))) -> 0 | K33: =L33-J33 -> 0 | L33: =ROUND(F33*I33,2) -> 0 | O33: 12.65 | P33: 1048.7 | Q33: 172.94 | R33: 1221.64
A34: 3.8 | B34: CPOS (09/2025) | C34: 46.05.070 | D34: TUBO PVC RÍGIDO OCRE, TIPO COLETOR ESGOTO, JUNTA ELÁSTICA, DN= 300 MM, INCLUSIVE CONEXÕES | E34: m | F34: 25.4 | H34: BDI 1 | I34: =TRUNC(G34*(1+HLOOKUP(H34,$F$6:$I$7,2,FALSE)),2) -> 0 | J34: =IF(G34="",0,IF($L$7=0,P34,ROUND($R$7*L34,2))) -> 0 | K34: =L34-J34 -> 0 | L34: =ROUND(F34*I34,2) -> 0 | O34: 293.17 | P34: 7420.81 | Q34: 1887.27 | R34: 9308.08
A35: 3.9 | B35: CPOS (09/2025) | C35: 46.05.090 | D35: TUBO PVC RÍGIDO OCRE, TIPO COLETOR ESGOTO, JUNTA ELÁSTICA, DN= 400 MM, INCLUSIVE CONEXÕES | E35: m | F35: 31 | H35: BDI 1 | I35: =TRUNC(G35*(1+HLOOKUP(H35,$F$6:$I$7,2,FALSE)),2) -> 0 | J35: =IF(G35="",0,IF($L$7=0,P35,ROUND($R$7*L35,2))) -> 0 | K35: =L35-J35 -> 0 | L35: =ROUND(F35*I35,2) -> 0 | O35: 461.7 | P35: 14964.44 | Q35: 2926.28 | R35: 17890.72
A36: 3.10 | B36: SINAPI (11/2025) | C36: 93378 | D36: REATERRO MECANIZADO DE VALA COM RETROESCAVADEIRA (CAPACIDADE DA CAÇAMBA DA RETRO: 0,26 M³/POTÊNCIA: 88 HP), LARGURA ATÉ 0,8 M, PROFUNDIDADE ATÉ 1,5 M, COM SOLO (SEM SUBSTITUIÇÃO) DE 1ª CATEGORIA, COM COMPACTADOR DE SOLOS DE PERCUSSÃO. AF_08/2023 | E36: m³ | F36: 77.27 | H36: BDI 1 | I36: =TRUNC(G36*(1+HLOOKUP(H36,$F$6:$I$7,2,FALSE)),2) -> 0 | J36: =IF(G36="",0,IF($L$7=0,P36,ROUND($R$7*L36,2))) -> 0 | K36: =L36-J36 -> 0 | L36: =ROUND(F36*I36,2) -> 0 | O36: 29.25 | P36: 2460.42 | Q36: 364.57 | R36: 2824.99
A37: 4 | D37: REDE DE ÁGUAS PLUVIAIS (AP) | J37: =SUM(J38:J46) -> 0 | K37: =SUM(K38:K46) -> 0 | L37: =SUM(L38:L46) -> 0 | M37: =L37/$L$207 -> #DIV/0! | P37: 23392.45 | Q37: 4553.18 | R37: 27945.63
A38: 4.1 | B38: SINAPI (11/2025) | C38: 102457 | D38: POÇO DE VISITA CIRCULAR PARA DRENAGEM, EM CONCRETO PRÉ-MOLDADO, DIÂMETRO INTERNO = 1,20 M, PROFUNDIDADE CONFORME PROJETO, EXCLUINDO TAMPÃO. AF_05/2021 | E38: unid | F38: 2 | H38: BDI 1 | I38: =TRUNC(G38*(1+HLOOKUP(H38,$F$6:$I$7,2,FALSE)),2) -> 0 | J38: =IF(G38="",0,IF($L$7=0,P38,ROUND($R$7*L38,2))) -> 0 | K38: =L38-J38 -> 0 | L38: =ROUND(F38*I38,2) -> 0 | O38: 1878.65 | P38: 3828.9 | Q38: 867.72 | R38: 4696.62
A39: 4.2 | B39: SINAPI (11/2025) | C39: 99318 | D39: CHAMINÉ CIRCULAR PARA POÇO DE VISITA PARA DRENAGEM, EM CONCRETO PRÉ-MOLDADO, DIÂMETRO INTERNO = 0,6 M E ALTURA DE 0,50M. AF_12/2020 | E39: m | F39: 1 | H39: BDI 1 | I39: =TRUNC(G39*(1+HLOOKUP(H39,$F$6:$I$7,2,FALSE)),2) -> 0 | J39: =IF(G39="",0,IF($L$7=0,P39,ROUND($R$7*L39,2))) -> 0 | K39: =L39-J39 -> 0 | L39: =ROUND(F39*I39,2) -> 0 | O39: 340.1 | P39: 338.23 | Q39: 86.89 | R39: 425.12
A40: 4.3 | B40: SINAPI (11/2025) | C40: 90725 | D40: JUNTA ARGAMASSADA ENTRE TUBO DN 150 MM E O POÇO DE VISITA/ CAIXA DE CONCRETO OU ALVENARIA. AF_01/2021 | E40: unid | F40: 2 | H40: BDI 1 | I40: =TRUNC(G40*(1+HLOOKUP(H40,$F$6:$I$7,2,FALSE)),2) -> 0 | J40: =IF(G40="",0,IF($L$7=0,P40,ROUND($R$7*L40,2))) -> 0 | K40: =L40-J40 -> 0 | L40: =ROUND(F40*I40,2) -> 0 | O40: 42.46 | P40: 91.53 | Q40: 14.61 | R40: 106.14
A41: 4.4 | B41: SINAPI (11/2025) | C41: 90728 | D41: JUNTA ARGAMASSADA ENTRE TUBO DN 300 MM E O POÇO DE VISITA/ CAIXA DE CONCRETO OU ALVENARIA. AF_01/2021 | E41: unid | F41: 1 | H41: BDI 1 | I41: =TRUNC(G41*(1+HLOOKUP(H41,$F$6:$I$7,2,FALSE)),2) -> 0 | J41: =IF(G41="",0,IF($L$7=0,P41,ROUND($R$7*L41,2))) -> 0 | K41: =L41-J41 -> 0 | L41: =ROUND(F41*I41,2) -> 0 | O41: 66.32 | P41: 71.39 | Q41: 11.51 | R41: 82.9
A42: 4.5 | B42: SINAPI (11/2025) | C42: 90730 | D42: JUNTA ARGAMASSADA ENTRE TUBO DN 400 MM E O POÇO DE VISITA/ CAIXA DE CONCRETO OU ALVENARIA. AF_01/2021 | E42: unid | F42: 6 | H42: BDI 1 | I42: =TRUNC(G42*(1+HLOOKUP(H42,$F$6:$I$7,2,FALSE)),2) -> 0 | J42: =IF(G42="",0,IF($L$7=0,P42,ROUND($R$7*L42,2))) -> 0 | K42: =L42-J42 -> 0 | L42: =ROUND(F42*I42,2) -> 0 | O42: 82.18 | P42: 530.65 | Q42: 85.67 | R42: 616.32
A43: 4.6 | B43: CPOS (09/2025) | C43: 49.06.420 | D43: TAMPÃO EM FERRO FUNDIDO, DIÂMETRO DE 600 MM, CLASSE D 400 (RUPTURA> 400 KN) | E43: unid | F43: 2 | H43: BDI 1 | I43: =TRUNC(G43*(1+HLOOKUP(H43,$F$6:$I$7,2,FALSE)),2) -> 0 | J43: =IF(G43="",0,IF($L$7=0,P43,ROUND($R$7*L43,2))) -> 0 | K43: =L43-J43 -> 0 | L43: =ROUND(F43*I43,2) -> 0 | O43: 677.04 | P43: 1455.57 | Q43: 237.03 | R43: 1692.6
A44: 4.7 | B44: SINAPI (11/2025) | C44: 102276 | D44: ESCAVAÇÃO MECANIZADA DE VALA COM PROF. ATÉ 1,5 M (MÉDIA MONTANTE E JUSANTE/UMA COMPOSIÇÃO POR TRECHO), ESCAVADEIRA (0,8 M3), LARG. MENOR QUE 1,5 M, EM SOLO DE 1A CATEGORIA, EM LOCAIS COM ALTO NÍVEL DE INTERFERÊNCIA. AF_02/2021 | E44: m³ | F44: 46.5 | H44: BDI 1 | I44: =TRUNC(G44*(1+HLOOKUP(H44,$F$6:$I$7,2,FALSE)),2) -> 0 | J44: =IF(G44="",0,IF($L$7=0,P44,ROUND($R$7*L44,2))) -> 0 | K44: =L44-J44 -> 0 | L44: =ROUND(F44*I44,2) -> 0 | O44: 12.65 | P44: 631.09 | Q44: 104.08 | R44: 735.17
A45: 4.8 | B45: CPOS (09/2025) | C45: 46.05.090 | D45: TUBO PVC RÍGIDO OCRE, TIPO COLETOR ESGOTO, JUNTA ELÁSTICA, DN= 400 MM, INCLUSIVE CONEXÕES | E45: m | F45: 31 | H45: BDI 1 | I45: =TRUNC(G45*(1+HLOOKUP(H45,$F$6:$I$7,2,FALSE)),2) -> 0 | J45: =IF(G45="",0,IF($L$7=0,P45,ROUND($R$7*L45,2))) -> 0 | K45: =L45-J45 -> 0 | L45: =ROUND(F45*I45,2) -> 0 | O45: 461.7 | P45: 14964.44 | Q45: 2926.28 | R45: 17890.72
A46: 4.9 | B46: SINAPI (11/2025) | C46: 93378 | D46: REATERRO MECANIZADO DE VALA COM RETROESCAVADEIRA (CAPACIDADE DA CAÇAMBA DA RETRO: 0,26 M³/POTÊNCIA: 88 HP), LARGURA ATÉ 0,8 M, PROFUNDIDADE ATÉ 1,5 M, COM SOLO (SEM SUBSTITUIÇÃO) DE 1ª CATEGORIA, COM COMPACTADOR DE SOLOS DE PERCUSSÃO. AF_08/2023 | E46: m³ | F46: 46.5 | H46: BDI 1 | I46: =TRUNC(G46*(1+HLOOKUP(H46,$F$6:$I$7,2,FALSE)),2) -> 0 | J46: =IF(G46="",0,IF($L$7=0,P46,ROUND($R$7*L46,2))) -> 0 | K46: =L46-J46 -> 0 | L46: =ROUND(F46*I46,2) -> 0 | O46: 29.25 | P46: 1480.65 | Q46: 219.39 | R46: 1700.04
A47: 5 | D47: ESCAVAÇÃO: TRATAMENTO PRELIMINAR | J47: =SUM(J48:J50) -> 0 | K47: =SUM(K48:K50) -> 0 | L47: =SUM(L48:L50) -> 0 | M47: =L47/$L$207 -> #DIV/0! | P47: 11621.03 | Q47: 2076.98 | R47: 13698.01
A48: 5.1 | B48: SINAPI (11/2025) | C48: 101230 | D48: ESCAVAÇÃO VERTICAL PARA INFRAESTRUTURA, COM CARGA, DESCARGA E TRANSPORTE DE SOLO DE 1ª CATEGORIA, COM ESCAVADEIRA HIDRÁULICA (CAÇAMBA: 0,8 M³ / 111 HP), FROTA DE 3 CAMINHÕES BASCULANTES DE 14 M³, DMT ATÉ 1 KM E VELOCIDADE MÉDIA14 KM/H. AF_05/2020 (REATERRO: Ver item 12.1 da Planilha Orçamentária) | E48: m³ | F48: 121.23 | H48: BDI 1 | I48: =TRUNC(G48*(1+HLOOKUP(H48,$F$6:$I$7,2,FALSE)),2) -> 0 | J48: =IF(G48="",0,IF($L$7=0,P48,ROUND($R$7*L48,2))) -> 0 | K48: =L48-J48 -> 0 | L48: =ROUND(F48*I48,2) -> 0 | O48: 12.47 | P48: 1614.78 | Q48: 273.98 | R48: 1888.76
A49: 5.2 | B49: SINAPI (11/2025) | C49: 95876 | D49: TRANSPORTE COM CAMINHÃO BASCULANTE DE 14 M³, EM VIA URBANA PAVIMENTADA, DMT ATÉ 30 KM (UNIDADE: M3XKM). AF_07/2020 (E=30% | DMT = 8,6KM - DIST. INDUSTRIAL) | E49: m³ | F49: 1355.37 | H49: BDI 1 | I49: =TRUNC(G49*(1+HLOOKUP(H49,$F$6:$I$7,2,FALSE)),2) -> 0 | J49: =IF(G49="",0,IF($L$7=0,P49,ROUND($R$7*L49,2))) -> 0 | K49: =L49-J49 -> 0 | L49: =ROUND(F49*I49,2) -> 0 | O49: 2.47 | P49: 3427.73 | Q49: 746.81 | R49: 4174.54
A50: 5.3 | B50: CPOS (09/2025) | C50: 08.01.020 | D50: ESCORAMENTO DE SOLO CONTÍNUO | E50: m² | F50: 56.27 | H50: BDI 1 | I50: =TRUNC(G50*(1+HLOOKUP(H50,$F$6:$I$7,2,FALSE)),2) -> 0 | J50: =IF(G50="",0,IF($L$7=0,P50,ROUND($R$7*L50,2))) -> 0 | K50: =L50-J50 -> 0 | L50: =ROUND(F50*I50,2) -> 0 | O50: 108.55 | P50: 6578.52 | Q50: 1056.19 | R50: 7634.71
A51: 6 | D51: ESCAVAÇÃO: TANQUES PULMÃO | J51: =SUM(J52:J54) -> 0 | K51: =SUM(K52:K54) -> 0 | L51: =SUM(L52:L54) -> 0 | M51: =L51/$L$207 -> #DIV/0! | P51: 10017.35 | Q51: 1787.18 | R51: 11804.53
A52: 6.1 | B52: SINAPI (11/2025) | C52: 101230 | D52: ESCAVAÇÃO VERTICAL PARA INFRAESTRUTURA, COM CARGA, DESCARGA E TRANSPORTE DE SOLO DE 1ª CATEGORIA, COM ESCAVADEIRA HIDRÁULICA (CAÇAMBA: 0,8 M³ / 111 HP), FROTA DE 3 CAMINHÕES BASCULANTES DE 14 M³, DMT ATÉ 1 KM E VELOCIDADE MÉDIA14 KM/H. AF_05/2020 (REATERRO: Ver item 15.1 da Planilha Orçamentária) | E52: m³ | F52: 156.37 | H52: BDI 1 | I52: =TRUNC(G52*(1+HLOOKUP(H52,$F$6:$I$7,2,FALSE)),2) -> 0 | J52: =IF(G52="",0,IF($L$7=0,P52,ROUND($R$7*L52,2))) -> 0 | K52: =L52-J52 -> 0 | L52: =ROUND(F52*I52,2) -> 0 | O52: 12.47 | P52: 2082.85 | Q52: 353.39 | R52: 2436.24
A53: 6.2 | B53: SINAPI (11/2025) | C53: 95876 | D53: TRANSPORTE COM CAMINHÃO BASCULANTE DE 14 M³, EM VIA URBANA PAVIMENTADA, DMT ATÉ 30 KM (UNIDADE: M3XKM). AF_07/2020 (E=30% | DMT = 8,6KM - DIST. INDUSTRIAL) | E53: m³ | F53: 917.09 | H53: BDI 1 | I53: =TRUNC(G53*(1+HLOOKUP(H53,$F$6:$I$7,2,FALSE)),2) -> 0 | J53: =IF(G53="",0,IF($L$7=0,P53,ROUND($R$7*L53,2))) -> 0 | K53: =L53-J53 -> 0 | L53: =ROUND(F53*I53,2) -> 0 | O53: 2.47 | P53: 2319.31 | Q53: 505.33 | R53: 2824.64
A54: 6.3 | B54: CPOS (09/2025) | C54: 08.01.040 | D54: ESCORAMENTO DE SOLO DESCONTÍNUO | E54: m² | F54: 82.31 | H54: BDI 1 | I54: =TRUNC(G54*(1+HLOOKUP(H54,$F$6:$I$7,2,FALSE)),2) -> 0 | J54: =IF(G54="",0,IF($L$7=0,P54,ROUND($R$7*L54,2))) -> 0 | K54: =L54-J54 -> 0 | L54: =ROUND(F54*I54,2) -> 0 | O54: 63.6 | P54: 5615.19 | Q54: 928.46 | R54: 6543.65
A55: 7 | D55: ESTRUTURA DE CONCRETO: TRATAMENTO PRELIMINAR (EEE) | J55: =SUM(J56:J71) -> 0 | K55: =SUM(K56:K71) -> 0 | L55: =SUM(L56:L71) -> 0 | M55: =L55/$L$207 -> #DIV/0! | P55: 49094.67 | Q55: 5949.96 | R55: 55044.63
A56: 7.1 | B56: SINAPI (11/2025) | C56: 97083 | D56: COMPACTAÇÃO MECÂNICA DE SOLO PARA EXECUÇÃO DE RADIER, PISO DE CONCRETO OU LAJE SOBRE SOLO, COM COMPACTADOR DE SOLOS A PERCUSSÃO. AF_09/2021 | E56: m² | F56: 39.86 | H56: BDI 1 | I56: =TRUNC(G56*(1+HLOOKUP(H56,$F$6:$I$7,2,FALSE)),2) -> 0 | J56: =IF(G56="",0,IF($L$7=0,P56,ROUND($R$7*L56,2))) -> 0 | K56: =L56-J56 -> 0 | L56: =ROUND(F56*I56,2) -> 0 | O56: 5.11 | P56: 203.04 | Q56: 51.27 | R56: 254.31
A57: 7.2 | B57: CPOS (09/2025) | C57: 02.10.020 | D57: LOCAÇÃO DE OBRA | E57: m² | F57: 32.76 | H57: BDI 1 | I57: =TRUNC(G57*(1+HLOOKUP(H57,$F$6:$I$7,2,FALSE)),2) -> 0 | J57: =IF(G57="",0,IF($L$7=0,P57,ROUND($R$7*L57,2))) -> 0 | K57: =L57-J57 -> 0 | L57: =ROUND(F57*I57,2) -> 0 | O57: 18.25 | P57: 664.27 | Q57: 82.99 | R57: 747.26
A58: 7.3 | B58: SINAPI (11/2025) | C58: 96622 | D58: LASTRO COM MATERIAL GRANULAR, APLICADO EM PISOS OU LAJES SOBRE SOLO, ESPESSURA DE *5 CM*. AF_08/2017 | E58: m³ | F58: 1.99 | H58: BDI 1 | I58: =TRUNC(G58*(1+HLOOKUP(H58,$F$6:$I$7,2,FALSE)),2) -> 0 | J58: =IF(G58="",0,IF($L$7=0,P58,ROUND($R$7*L58,2))) -> 0 | K58: =L58-J58 -> 0 | L58: =ROUND(F58*I58,2) -> 0 | O58: 218.15 | P58: 449.81 | Q58: 92.82 | R58: 542.63
A59: 7.4 | B59: SINAPI (11/2025) | C59: 97087 | D59: CAMADA SEPARADORA PARA EXECUÇÃO DE RADIER, PISO DE CONCRETO OU LAJE SOBRE SOLO, EM LONA PLÁSTICA EXTRA FORTE PRETA, E = 200 MICRA. AF_09/2021 | E59: m² | F59: 39.86 | H59: BDI 1 | I59: =TRUNC(G59*(1+HLOOKUP(H59,$F$6:$I$7,2,FALSE)),2) -> 0 | J59: =IF(G59="",0,IF($L$7=0,P59,ROUND($R$7*L59,2))) -> 0 | K59: =L59-J59 -> 0 | L59: =ROUND(F59*I59,2) -> 0 | O59: 3.15 | P59: 134.88 | Q59: 21.77 | R59: 156.65
A60: 7.5 | B60: SINAPI (11/2025) | C60: 95240 | D60: LASTRO DE CONCRETO MAGRO, APLICADO EM PISOS, LAJES SOBRE SOLO OU RADIERS, ESPESSURA DE 3 CM. AF_07/2016 | E60: m² | F60: 1.2 | H60: BDI 1 | I60: =TRUNC(G60*(1+HLOOKUP(H60,$F$6:$I$7,2,FALSE)),2) -> 0 | J60: =IF(G60="",0,IF($L$7=0,P60,ROUND($R$7*L60,2))) -> 0 | K60: =L60-J60 -> 0 | L60: =ROUND(F60*I60,2) -> 0 | O60: 20.9 | P60: 26.85 | Q60: 4.49 | R60: 31.34
A61: 7.6 | B61: SINAPI (11/2025) | C61: 97086 | D61: FABRICAÇÃO, MONTAGEM E DESMONTAGEM DE FORMA PARA RADIER, PISO DE CONCRETO OU LAJE SOBRE SOLO, EM MADEIRA SERRADA, 4 UTILIZAÇÕES. AF_09/2021 | E61: m² | F61: 6.93 | H61: BDI 1 | I61: =TRUNC(G61*(1+HLOOKUP(H61,$F$6:$I$7,2,FALSE)),2) -> 0 | J61: =IF(G61="",0,IF($L$7=0,P61,ROUND($R$7*L61,2))) -> 0 | K61: =L61-J61 -> 0 | L61: =ROUND(F61*I61,2) -> 0 | O61: 168.4 | P61: 1312.89 | Q61: 145.88 | R61: 1458.77
A62: 7.7 | B62: CPOS (09/2025) | C62: 09.02.040 | D62: FORMA PLANA EM COMPENSADO PARA ESTRUTURA APARENTE | E62: m² | F62: 67.47 | H62: BDI 1 | I62: =TRUNC(G62*(1+HLOOKUP(H62,$F$6:$I$7,2,FALSE)),2) -> 0 | J62: =IF(G62="",0,IF($L$7=0,P62,ROUND($R$7*L62,2))) -> 0 | K62: =L62-J62 -> 0 | L62: =ROUND(F62*I62,2) -> 0 | O62: 201.44 | P62: 15730.29 | Q62: 1258.66 | R62: 16988.95
A63: 7.8 | B63: SINAPI (11/2025) | C63: 92801 | D63: ESPAÇADORES TIPO CARANGUEJO - CORTE E DOBRA DE AÇO CA-50, DIÂMETRO DE 6,3 MM. AF_06/2022 | E63: kg | F63: 8.73 | H63: BDI 1 | I63: =TRUNC(G63*(1+HLOOKUP(H63,$F$6:$I$7,2,FALSE)),2) -> 0 | J63: =IF(G63="",0,IF($L$7=0,P63,ROUND($R$7*L63,2))) -> 0 | K63: =L63-J63 -> 0 | L63: =ROUND(F63*I63,2) -> 0 | O63: 8.85 | P63: 82.57 | Q63: 13.98 | R63: 96.55
A64: 7.9 | B64: SINAPI (11/2025) | C64: 92800 | D64: CORTE E DOBRA DE AÇO CA-60, DIÂMETRO DE 5,0 MM. AF_06/2022 | E64: kg | F64: 4.1 | H64: BDI 1 | I64: =TRUNC(G64*(1+HLOOKUP(H64,$F$6:$I$7,2,FALSE)),2) -> 0 | J64: =IF(G64="",0,IF($L$7=0,P64,ROUND($R$7*L64,2))) -> 0 | K64: =L64-J64 -> 0 | L64: =ROUND(F64*I64,2) -> 0 | O64: 9.22 | P64: 40.51 | Q64: 6.72 | R64: 47.23
A65: 7.10 | B65: SINAPI (11/2025) | C65: 92801 | D65: CORTE E DOBRA DE AÇO CA-50, DIÂMETRO DE 6,3 MM. AF_06/2022 | E65: kg | F65: 348.4 | H65: BDI 1 | I65: =TRUNC(G65*(1+HLOOKUP(H65,$F$6:$I$7,2,FALSE)),2) -> 0 | J65: =IF(G65="",0,IF($L$7=0,P65,ROUND($R$7*L65,2))) -> 0 | K65: =L65-J65 -> 0 | L65: =ROUND(F65*I65,2) -> 0 | O65: 8.85 | P65: 3295.51 | Q65: 557.79 | R65: 3853.3
A66: 7.11 | B66: SINAPI (11/2025) | C66: 92802 | D66: CORTE E DOBRA DE AÇO CA-50, DIÂMETRO DE 8,0 MM. AF_06/2022 | E66: kg | F66: 354.2 | H66: BDI 1 | I66: =TRUNC(G66*(1+HLOOKUP(H66,$F$6:$I$7,2,FALSE)),2) -> 0 | J66: =IF(G66="",0,IF($L$7=0,P66,ROUND($R$7*L66,2))) -> 0 | K66: =L66-J66 -> 0 | L66: =ROUND(F66*I66,2) -> 0 | O66: 8.54 | P66: 3235.61 | Q66: 543.7 | R66: 3779.31
A67: 7.12 | B67: SABESP (09/2025) | C67: 70070301 | D67: CONCRETO ESTRUTURAL P/ ESTRUTURAS EM CONTATO COM ESGOTO, GASES AGRESSIVOS, AMBIENTE MARÍTIMO E ESTRUTURAS PARA TRATAMENTO DE ÁGUA, FCK = 40,0 MPA, A/C MÁX. 0,45 L/KG - MÍN. DE 360 KG DE CIMENTO/M³ | E67: m³ | F67: 14.3 | H67: BDI 1 | I67: =TRUNC(G67*(1+HLOOKUP(H67,$F$6:$I$7,2,FALSE)),2) -> 0 | J67: =IF(G67="",0,IF($L$7=0,P67,ROUND($R$7*L67,2))) -> 0 | K67: =L67-J67 -> 0 | L67: =ROUND(F67*I67,2) -> 0 | O67: 809.96 | P67: 13021.74 | Q67: 1456.3 | R67: 14478.04
A68: 7.13 | B68: SINAPI (11/2025) | C68: 45146 | D68: ADITIVO IMPERMEABILIZANTE CRISTALIZANTE PARA CONCRETO (Ref.: XYPEX ou equivalente técnico) | E68: kg | F68: 71.5 | H68: BDI 1 | I68: =TRUNC(G68*(1+HLOOKUP(H68,$F$6:$I$7,2,FALSE)),2) -> 0 | J68: =IF(G68="",0,IF($L$7=0,P68,ROUND($R$7*L68,2))) -> 0 | K68: =L68-J68 -> 0 | L68: =ROUND(F68*I68,2) -> 0 | O68: 32.48 | P68: 2604.24 | Q68: 298.66 | R68: 2902.9
A69: 7.14 | B69: CPOS (09/2025) | C69: 11.16.080 | D69: =UPPER("Lançamento e adensamento de concreto ou massa por bombeamento") -> LANÇAMENTO E ADENSAMENTO DE CONCRETO OU MASSA POR BOMBEAMENTO | E69: m³ | F69: 14.3 | H69: BDI 1 | I69: =TRUNC(G69*(1+HLOOKUP(H69,$F$6:$I$7,2,FALSE)),2) -> 0 | J69: =IF(G69="",0,IF($L$7=0,P69,ROUND($R$7*L69,2))) -> 0 | K69: =L69-J69 -> 0 | L69: =ROUND(F69*I69,2) -> 0 | O69: 140.58 | P69: 2170.26 | Q69: 342.54 | R69: 2512.8
A70: 7.15 | B70: SABESP (09/2025) | C70: HM00600 | D70: MEDIDOR DE VAZÃO CALHA PARSHALL FIBRA DE VIDRO GARGANTA 6" | E70: unid | F70: 1 | H70: BDI 1 | I70: =TRUNC(G70*(1+HLOOKUP(H70,$F$6:$I$7,2,FALSE)),2) -> 0 | J70: =IF(G70="",0,IF($L$7=0,P70,ROUND($R$7*L70,2))) -> 0 | K70: =L70-J70 -> 0 | L70: =ROUND(F70*I70,2) -> 0 | O70: 5196.66 | P70: 5493.74 | Q70: 1002.08 | R70: 6495.82
A71: 7.16 | B71: SABESP (09/2025) | C71: 70140125 | D71: CALHA PARSHALL EM FIBRA DE VIDRO W ATÉ 6" - MONTAGEM | E71: unid | F71: 1 | H71: BDI 1 | I71: =TRUNC(G71*(1+HLOOKUP(H71,$F$6:$I$7,2,FALSE)),2) -> 0 | J71: =IF(G71="",0,IF($L$7=0,P71,ROUND($R$7*L71,2))) -> 0 | K71: =L71-J71 -> 0 | L71: =ROUND(F71*I71,2) -> 0 | O71: 559.02 | P71: 628.46 | Q71: 70.31 | R71: 698.77
A72: 8 | D72: MURO DE ARRIMO: TRATAMENTO PRELIMINAR (EEE) | J72: =SUM(J73:J84) -> 0 | K72: =SUM(K73:K84) -> 0 | L72: =SUM(L73:L84) -> 0 | M72: =L72/$L$207 -> #DIV/0! | P72: 16411.57 | Q72: 4702.41 | R72: 21113.98
A73: 8.1 | B73: SINAPI (11/2025) | C73: 101173 | D73: ESTACA BROCA DE CONCRETO, DIÂMETRO DE 20CM, ESCAVAÇÃO MANUAL COM TRADO CONCHA, COM ARMADURA DE ARRANQUE. AF_05/2020 | E73: m | F73: 24 | H73: BDI 1 | I73: =TRUNC(G73*(1+HLOOKUP(H73,$F$6:$I$7,2,FALSE)),2) -> 0 | J73: =IF(G73="",0,IF($L$7=0,P73,ROUND($R$7*L73,2))) -> 0 | K73: =L73-J73 -> 0 | L73: =ROUND(F73*I73,2) -> 0 | O73: 69.97 | P73: 1804.68 | Q73: 294.36 | R73: 2099.04
A74: 8.2 | B74: SINAPI (11/2025) | C74: 96536 | D74: FABRICAÇÃO, MONTAGEM E DESMONTAGEM DE FÔRMA PARA VIGA BALDRAME, EM MADEIRA SERRADA, E=25 MM, 4 UTILIZAÇÕES. AF_06/2017 | E74: m² | F74: 15.46 | H74: BDI 1 | I74: =TRUNC(G74*(1+HLOOKUP(H74,$F$6:$I$7,2,FALSE)),2) -> 0 | J74: =IF(G74="",0,IF($L$7=0,P74,ROUND($R$7*L74,2))) -> 0 | K74: =L74-J74 -> 0 | L74: =ROUND(F74*I74,2) -> 0 | O74: 82.01 | P74: 1381.79 | Q74: 203.01 | R74: 1584.8
A75: 8.3 | B75: CPOS (09/2025) | C75: 11.18.040 | D75: =UPPER("Lastro de pedra britada") -> LASTRO DE PEDRA BRITADA | E75: m³ | F75: 0.26 | H75: BDI 1 | I75: =TRUNC(G75*(1+HLOOKUP(H75,$F$6:$I$7,2,FALSE)),2) -> 0 | J75: =IF(G75="",0,IF($L$7=0,P75,ROUND($R$7*L75,2))) -> 0 | K75: =L75-J75 -> 0 | L75: =ROUND(F75*I75,2) -> 0 | O75: 228.38 | P75: 64.8 | Q75: 9.42 | R75: 74.22
A76: 8.4 | B76: SINAPI (11/2025) | C76: 96543 | D76: ARMAÇÃO DE BLOCO, VIGA BALDRAME E SAPATA UTILIZANDO AÇO CA-60 DE 5 MM - MONTAGEM. AF_06/2017 | E76: kg | F76: 17.2 | H76: BDI 1 | I76: =TRUNC(G76*(1+HLOOKUP(H76,$F$6:$I$7,2,FALSE)),2) -> 0 | J76: =IF(G76="",0,IF($L$7=0,P76,ROUND($R$7*L76,2))) -> 0 | K76: =L76-J76 -> 0 | L76: =ROUND(F76*I76,2) -> 0 | O76: 22.69 | P76: 419.66 | Q76: 68.13 | R76: 487.79
A77: 8.5 | B77: SINAPI (11/2025) | C77: 96545 | D77: ARMAÇÃO DE BLOCO, VIGA BALDRAME OU SAPATA UTILIZANDO AÇO CA-50 DE 8 MM - MONTAGEM. AF_06/2017 | E77: kg | F77: 44.2 | H77: BDI 1 | I77: =TRUNC(G77*(1+HLOOKUP(H77,$F$6:$I$7,2,FALSE)),2) -> 0 | J77: =IF(G77="",0,IF($L$7=0,P77,ROUND($R$7*L77,2))) -> 0 | K77: =L77-J77 -> 0 | L77: =ROUND(F77*I77,2) -> 0 | O77: 16.72 | P77: 794 | Q77: 129.78 | R77: 923.78
A78: 8.6 | B78: SINAPI (11/2025) | C78: 96557 | D78: CONCRETAGEM DE VIGAS BALDRAMES, FCK 30 MPA, COM USO DE BOMBA  LANÇAMENTO, ADENSAMENTO E ACABAMENTO. AF_06/2017 | E78: m³ | F78: 1.55 | H78: BDI 1 | I78: =TRUNC(G78*(1+HLOOKUP(H78,$F$6:$I$7,2,FALSE)),2) -> 0 | J78: =IF(G78="",0,IF($L$7=0,P78,ROUND($R$7*L78,2))) -> 0 | K78: =L78-J78 -> 0 | L78: =ROUND(F78*I78,2) -> 0 | O78: 710.11 | P78: 1131.44 | Q78: 244.39 | R78: 1375.83
A79: 8.7 | B79: SABESP (09/2025) | C79: 70190090 | D79: ANCORAGEM DE BARRAS DE AÇO - Ø 6,3 MM C/RESINA EPOXÍDICA | E79: unid | F79: 24 | H79: BDI 1 | I79: =TRUNC(G79*(1+HLOOKUP(H79,$F$6:$I$7,2,FALSE)),2) -> 0 | J79: =IF(G79="",0,IF($L$7=0,P79,ROUND($R$7*L79,2))) -> 0 | K79: =L79-J79 -> 0 | L79: =ROUND(F79*I79,2) -> 0 | O79: 6.98 | P79: 192.45 | Q79: 16.83 | R79: 209.28
A80: 8.8 | B80: SABESP (09/2025) | C80: 70190091 | D80: ANCORAGEM DE BARRAS DE AÇO - Ø 10,0 MM C/RESINA EPOXÍDICA | E80: unid | F80: 10 | H80: BDI 1 | I80: =TRUNC(G80*(1+HLOOKUP(H80,$F$6:$I$7,2,FALSE)),2) -> 0 | J80: =IF(G80="",0,IF($L$7=0,P80,ROUND($R$7*L80,2))) -> 0 | K80: =L80-J80 -> 0 | L80: =ROUND(F80*I80,2) -> 0 | O80: 8.26 | P80: 94.23 | Q80: 8.97 | R80: 103.2
A81: 8.9 | B81: SINAPI (11/2025) | C81: 103320 | D81: ALVENARIA DE BLOCOS VAZADOS DE CONCRETO DE 19X19X39 CM APARENTE (ESPESSURA 19 CM) E ARGAMASSA DE ASSENTAMENTO COM PREPARO EM BETONEIRA. AF_12/2021 | E81: m² | F81: 32.16 | H81: BDI 1 | I81: =TRUNC(G81*(1+HLOOKUP(H81,$F$6:$I$7,2,FALSE)),2) -> 0 | J81: =IF(G81="",0,IF($L$7=0,P81,ROUND($R$7*L81,2))) -> 0 | K81: =L81-J81 -> 0 | L81: =ROUND(F81*I81,2) -> 0 | O81: 142.5 | P81: 4739.86 | Q81: 988.48 | R81: 5728.34
A82: 8.10 | B82: SINAPI (11/2025) | C82: 93205 | D82: CINTA DE AMARRAÇÃO DE ALVENARIA MOLDADA IN LOCO COM UTILIZAÇÃO DE BLOCOS CANALETA ARMADA COM 2 BARRAS DE AÇO CA-50 DE 8,0MM. AF_03/2016 | E82: m | F82: 57.4 | H82: BDI 1 | I82: =TRUNC(G82*(1+HLOOKUP(H82,$F$6:$I$7,2,FALSE)),2) -> 0 | J82: =IF(G82="",0,IF($L$7=0,P82,ROUND($R$7*L82,2))) -> 0 | K82: =L82-J82 -> 0 | L82: =ROUND(F82*I82,2) -> 0 | O82: 98.63 | P82: 4591.02 | Q82: 2485.25 | R82: 7076.27
A83: 8.11 | B83: SINAPI (11/2025) | C83: 89996 | D83: ARMAÇÃO VERTICAL DE ALVENARIA ESTRUTURAL; DIÂMETRO DE 10,0 MM. AF_09/2021 | E83: kg | F83: 34 | H83: BDI 1 | I83: =TRUNC(G83*(1+HLOOKUP(H83,$F$6:$I$7,2,FALSE)),2) -> 0 | J83: =IF(G83="",0,IF($L$7=0,P83,ROUND($R$7*L83,2))) -> 0 | K83: =L83-J83 -> 0 | L83: =ROUND(F83*I83,2) -> 0 | O83: 11.08 | P83: 377.91 | Q83: 92.99 | R83: 470.9
A84: 8.12 | B84: SINAPI (11/2025) | C84: 89993 | D84: GRAUTEAMENTO VERTICAL EM ALVENARIA ESTRUTURAL. AF_09/2021 - GRAUTE FGK=20 MPA | E84: m³ | F84: 0.65 | H84: BDI 1 | I84: =TRUNC(G84*(1+HLOOKUP(H84,$F$6:$I$7,2,FALSE)),2) -> 0 | J84: =IF(G84="",0,IF($L$7=0,P84,ROUND($R$7*L84,2))) -> 0 | K84: =L84-J84 -> 0 | L84: =ROUND(F84*I84,2) -> 0 | O84: 1206.8 | P84: 819.73 | Q84: 160.8 | R84: 980.53
A85: 9 | D85: ESCADAS DE ACESSO: TRATAMENTO PRELIMINAR (EEE) | J85: =SUM(J86:J89) -> 0 | K85: =SUM(K86:K89) -> 0 | L85: =SUM(L86:L89) -> 0 | M85: =L85/$L$207 -> #DIV/0! | P85: 1754.84 | Q85: 307.3 | R85: 2062.14
A86: 9.1 | B86: SINAPI (11/2025) | C86: 101166 | D86: ALVENARIA DE EMBASAMENTO COM BLOCO ESTRUTURAL DE CERÂMICA, DE 14X19X29CM E ARGAMASSA DE ASSENTAMENTO COM PREPARO EM BETONEIRA. AF_05/2020 | E86: m³ | F86: 1.27 | H86: BDI 1 | I86: =TRUNC(G86*(1+HLOOKUP(H86,$F$6:$I$7,2,FALSE)),2) -> 0 | J86: =IF(G86="",0,IF($L$7=0,P86,ROUND($R$7*L86,2))) -> 0 | K86: =L86-J86 -> 0 | L86: =ROUND(F86*I86,2) -> 0 | O86: 790.59 | P86: 1068.11 | Q86: 186.94 | R86: 1255.05
A87: 9.2 | B87: CPOS (09/2025) | C87: 17.02.030 | D87: CHAPISCO 1:4 COM AREIA GROSSA | E87: m² | F87: 4.43 | H87: BDI 1 | I87: =TRUNC(G87*(1+HLOOKUP(H87,$F$6:$I$7,2,FALSE)),2) -> 0 | J87: =IF(G87="",0,IF($L$7=0,P87,ROUND($R$7*L87,2))) -> 0 | K87: =L87-J87 -> 0 | L87: =ROUND(F87*I87,2) -> 0 | O87: 7.19 | P87: 33.96 | Q87: 5.82 | R87: 39.78
A88: 9.3 | B88: CPOS (09/2025) | C88: 17.02.120 | D88: EMBOÇO COMUM | E88: m² | F88: 4.43 | H88: BDI 1 | I88: =TRUNC(G88*(1+HLOOKUP(H88,$F$6:$I$7,2,FALSE)),2) -> 0 | J88: =IF(G88="",0,IF($L$7=0,P88,ROUND($R$7*L88,2))) -> 0 | K88: =L88-J88 -> 0 | L88: =ROUND(F88*I88,2) -> 0 | O88: 25.62 | P88: 122.72 | Q88: 19.13 | R88: 141.85
A89: 9.4 | B89: SINAPI (11/2025) | C89: 99857 | D89: CORRIMÃO SIMPLES, DIÂMETRO EXTERNO = 1 1/2, EM ALUMÍNIO. AF_04/2019_PS | E89: m | F89: 6.8 | H89: BDI 1 | I89: =TRUNC(G89*(1+HLOOKUP(H89,$F$6:$I$7,2,FALSE)),2) -> 0 | J89: =IF(G89="",0,IF($L$7=0,P89,ROUND($R$7*L89,2))) -> 0 | K89: =L89-J89 -> 0 | L89: =ROUND(F89*I89,2) -> 0 | O89: 73.59 | P89: 530.05 | Q89: 95.41 | R89: 625.46
A90: 10 | D90: PISO DE CONCRETO: TRATAMENTO PRELIMINAR (EEE) | J90: =SUM(J91:J94) -> 0 | K90: =SUM(K91:K94) -> 0 | L90: =SUM(L91:L94) -> 0 | M90: =L90/$L$207 -> #DIV/0! | P90: 2640.16 | Q90: 474.82 | R90: 3114.98
A91: 10.1 | B91: CPOS (09/2025) | C91: 06.11.040 | D91: REATERRO MANUAL APILOADO SEM CONTROLE DE COMPACTAÇÃO | E91: m³ | F91: 14.66 | H91: BDI 1 | I91: =TRUNC(G91*(1+HLOOKUP(H91,$F$6:$I$7,2,FALSE)),2) -> 0 | J91: =IF(G91="",0,IF($L$7=0,P91,ROUND($R$7*L91,2))) -> 0 | K91: =L91-J91 -> 0 | L91: =ROUND(F91*I91,2) -> 0 | O91: 22.29 | P91: 349.38 | Q91: 59.05 | R91: 408.43
A92: 10.2 | B92: SINAPI (11/2025) | C92: 96622 | D92: LASTRO COM MATERIAL GRANULAR, APLICADO PARA PISOS OU LAJES SOBRE SOLO, ESPESSURA DE *5 CM*. AF_08/2017 | E92: m³ | F92: 1.05 | H92: BDI 1 | I92: =TRUNC(G92*(1+HLOOKUP(H92,$F$6:$I$7,2,FALSE)),2) -> 0 | J92: =IF(G92="",0,IF($L$7=0,P92,ROUND($R$7*L92,2))) -> 0 | K92: =L92-J92 -> 0 | L92: =ROUND(F92*I92,2) -> 0 | O92: 218.15 | P92: 237.33 | Q92: 48.98 | R92: 286.31
A93: 10.3 | B93: SINAPI (11/2025) | C93: 97087 | D93: CAMADA SEPARADORA PARA EXECUÇÃO DE RADIER, PISO DE CONCRETO OU LAJE SOBRE SOLO, EM LONA PLÁSTICA EXTRA FORTE PRETA, E = 200 MICRA. AF_09/2021 | E93: m² | F93: 20.94 | H93: BDI 1 | I93: =TRUNC(G93*(1+HLOOKUP(H93,$F$6:$I$7,2,FALSE)),2) -> 0 | J93: =IF(G93="",0,IF($L$7=0,P93,ROUND($R$7*L93,2))) -> 0 | K93: =L93-J93 -> 0 | L93: =ROUND(F93*I93,2) -> 0 | O93: 3.15 | P93: 70.85 | Q93: 11.44 | R93: 82.29
A94: 10.4 | B94: SINAPI (11/2025) | C94: 94995 | D94: EXECUÇÃO DE PASSEIO (CALÇADA) OU PISO DE CONCRETO COM CONCRETO MOLDADO IN LOCO, USINADO, ACABAMENTO CONVENCIONAL, ESPESSURA 8 CM, ARMADO COM TELA DE ACO SOLDADA NERVURADA, CA-60, Q-196, (3,11 KG/M2). AF_08/2022 | E94: m² | F94: 20.94 | H94: BDI 1 | I94: =TRUNC(G94*(1+HLOOKUP(H94,$F$6:$I$7,2,FALSE)),2) -> 0 | J94: =IF(G94="",0,IF($L$7=0,P94,ROUND($R$7*L94,2))) -> 0 | K94: =L94-J94 -> 0 | L94: =ROUND(F94*I94,2) -> 0 | O94: 89.32 | P94: 1982.6 | Q94: 355.35 | R94: 2337.95
A95: 11 | D95: ACESSÓRIOS: TRATAMENTO PRELIMINAR (EEE) | J95: =SUM(J96:J101) -> 0 | K95: =SUM(K96:K101) -> 0 | L95: =SUM(L96:L101) -> 0 | M95: =L95/$L$207 -> #DIV/0! | P95: 35055.66 | Q95: 14316.57 | R95: 49372.23
A96: 11.1 | B96: CPOS (09/2025) | C96: 67.02.320 | D96: COMPORTA EM FIBRA DE VIDRO (STOP LOG) - ESPESSURA DE 10MM, COMPLETA - (STOP-LOG 1: 2 UN - 85CM X 45CM) | E96: m² | F96: 0.77 | H96: BDI 1 | I96: =TRUNC(G96*(1+HLOOKUP(H96,$F$6:$I$7,2,FALSE)),2) -> 0 | J96: =IF(G96="",0,IF($L$7=0,P96,ROUND($R$7*L96,2))) -> 0 | K96: =L96-J96 -> 0 | L96: =ROUND(F96*I96,2) -> 0 | N96: 3242.26 | O96: 5791.36 | P96: 2918.03 | Q96: 2656.15 | R96: 5574.18
A97: 11.2 | B97: CPOS (09/2025) | C97: 67.02.320 | D97: COMPORTA EM FIBRA DE VIDRO (STOP LOG) - ESPESSURA DE 10MM, COMPLETA -( STOP-LOG 2: 1 UN - 85CM X 45CM) | E97: m² | F97: 0.38 | H97: BDI 1 | I97: =TRUNC(G97*(1+HLOOKUP(H97,$F$6:$I$7,2,FALSE)),2) -> 0 | J97: =IF(G97="",0,IF($L$7=0,P97,ROUND($R$7*L97,2))) -> 0 | K97: =L97-J97 -> 0 | L97: =ROUND(F97*I97,2) -> 0 | N97: 1600.08 | O97: 5791.36 | P97: 1440.07 | Q97: 1310.83 | R97: 2750.9
A98: 11.3 | B98: CPOS (09/2025) | C98: 67.02.320 | D98: COMPORTA EM FIBRA DE VIDRO (STOP LOG) - ESPESSURA DE 10MM, COMPLETA - (STOP-LOG 3: 4 UN - 85CM X 54CM | E98: m² | F98: 1.84 | H98: BDI 1 | I98: =TRUNC(G98*(1+HLOOKUP(H98,$F$6:$I$7,2,FALSE)),2) -> 0 | J98: =IF(G98="",0,IF($L$7=0,P98,ROUND($R$7*L98,2))) -> 0 | K98: =L98-J98 -> 0 | L98: =ROUND(F98*I98,2) -> 0 | N98: 7747.74 | O98: 5791.36 | P98: 6972.96 | Q98: 6347.17 | R98: 13320.13
A99: 11.4 | B99: SABESP (09/2025) | C99: 70140133 | D99: STOP-LOG - MONTAGEM | E99: m² | F99: 2.98 | H99: BDI 1 | I99: =TRUNC(G99*(1+HLOOKUP(H99,$F$6:$I$7,2,FALSE)),2) -> 0 | J99: =IF(G99="",0,IF($L$7=0,P99,ROUND($R$7*L99,2))) -> 0 | K99: =L99-J99 -> 0 | L99: =ROUND(F99*I99,2) -> 0 | O99: 383.78 | P99: 1286.66 | Q99: 142.91 | R99: 1429.57
A100: 11.5 | B100: SABESP (09/2025) | C100: 70140141 | D100: FORNECIMENTO E INSTALAÇÃO DE CESTO METÁLICO EM AÇO AISI 317L EM ESTAÇÃO ELEVATÓRIA (FORN E INST CESTO METÁLICO - COMPLETO INCLUSIVE ESTRUTURA P/ FIXAÇÃO), CONFORME ESPECIFICAÇÕES DE PROJETO - CONFERIR DIMENSÕES E GEOMETRIA IN LOCO ANTES DA AQUISIÇÃO/MONTAGEM | E100: unid | F100: 2 | H100: BDI 1 | I100: =TRUNC(G100*(1+HLOOKUP(H100,$F$6:$I$7,2,FALSE)),2) -> 0 | J100: =IF(G100="",0,IF($L$7=0,P100,ROUND($R$7*L100,2))) -> 0 | K100: =L100-J100 -> 0 | L100: =ROUND(F100*I100,2) -> 0 | O100: 9489.54 | P100: 19886.61 | Q100: 3837.23 | R100: 23723.84
A101: 11.6 | B101: SABESP (09/2025) | C101: 70110087 | D101: GRADE EM AÇO AISI 317L, ESPAÇAMENTO CONFORME ESPECIFICAÇÕES DE PROJETO | E101: m² | F101: 0.67 | H101: BDI 1 | I101: =TRUNC(G101*(1+HLOOKUP(H101,$F$6:$I$7,2,FALSE)),2) -> 0 | J101: =IF(G101="",0,IF($L$7=0,P101,ROUND($R$7*L101,2))) -> 0 | K101: =L101-J101 -> 0 | L101: =ROUND(F101*I101,2) -> 0 | O101: 3072.97 | P101: 2551.33 | Q101: 22.28 | R101: 2573.61
A102: 12 | D102: REATERRO COMPACTADO: TRATAMENTO PRELIMINAR (EEE) | J102: =SUM(J103:J103) -> 0 | K102: =SUM(K103:K103) -> 0 | L102: =SUM(L103:L103) -> 0 | M102: =L102/$L$207 -> #DIV/0! | P102: 1081.27 | Q102: 173.02 | R102: 1254.29
...

Sheet ANEXO IX.2 - BDI
A1: [LOGO DA EMPRESA] | B1: [NOME DA EMPRESA] [ENDEREÇO, TELEFONE, E-MAIL] [CNPJ]
A3: ANEXO IX.2
A4: DEMONSTRATIVO DO B.D.I.
A6: OBRA:
A7: REFORMA E ADEQUAÇÃO DA ESTAÇÃO ELEVATÓRIA DE ESGOTO DE ÁGUA FRIA
A9: LOCAL:
A10: AV. TETRACAMPEONATO, S/N°, CIDADE ARACY, SÃO CARLOS, SP
A12: Percentual da base de cálculo para o ISS, conforme legislação tributária municipal: | H12: 1
A13: Alíquota do ISS: | H13: 0.02
A16: BDI 1
A18: TIPO DE OBRA:
A19: CONSTRUÇÃO DE REDES DE ABASTECIMENTO DE ÁGUA, COLETA DE ESGOTO E CONSTRUÇÕES CORRELATAS
A21: Demonstrativo | F21: Referência
A22: SIGLAS | B22: DESCRIÇÃO | D22: % | F22: 1° Quartil | G22: Médio | H22: 3º Quartil
A23: AC | B23: ADMINISTRAÇÃO CENTRAL | D23: 0.0493 | F23: 0.0343 | G23: 0.0493 | H23: 0.0671
A24: SG | B24: SEGURO E GARANTIA | D24: 0.0049 | F24: 0.0028 | G24: 0.0049 | H24: 0.0075
A25: R | B25: RISCO | D25: 0.0151 | F25: 0.01 | G25: 0.0139 | H25: 0.0174
A26: DF | B26: DESPESAS FINANCEIRAS | D26: 0.01 | F26: 0.0094 | G26: 0.0099 | H26: 0.0117
A27: L | B27: LUCRO | D27: 0.092 | F27: 0.0674 | G27: 0.0804 | H27: 0.094
A28: CP | B28: TRIBUTOS (COFINS 3% E PIS 0,65%) | D28: 0.0365 | F28: 0.0365 | G28: 0.0365 | H28: 0.0365
A29: ISS | B29: TRIBUTOS (ISSQN) | D29: =H13*H12 -> 0.02 | F29: 0 | G29: 0.025 | H29: 0.05
A30: CPRB | B30: TRIBUTOS (CP SOBRE RB - DESONER.) | D30: 0.045 | F30: 0 | G30: 0.045 | H30: 0.045
A31: BDI | B31: SEM DESONERAÇÃO (Fórmula Acórdão TCU) | D31: =ROUND((((1+D23+D24+D25)*(1+D26)*(1+D27)/(1-(D28+D29)))-1),4) -> 0.25 | F31: 0.2076 | G31: 0.2418 | H31: 0.2644
A32: BDI | B32: COM DESONERAÇÃO | D32: =ROUND((((1+D23+D24+D25)*(1+D26)*(1+D27)/(1-(D28+D29+D30)))-1),4) -> 0.3126
A33: O VALOR DO BDI 1 ADOTADO É: 25,00%. | F33: Conforme Acordão Nº 2622/2013 - TCU.
A36: BDI 2
A38: TIPO DE OBRA:
A39: BDI PARA ITENS DE MERO FORNECIMENTO DE MATERIAIS E EQUIPAMENTOS
A41: Demonstrativo | F41: Referência
A42: SIGLAS | B42: DESCRIÇÃO | D42: % | F42: 1° Quartil | G42: Médio | H42: 3º Quartil
A43: AC | B43: ADMINISTRAÇÃO CENTRAL | D43: 0.0345 | F43: 0.015 | G43: 0.0345 | H43: 0.0449
A44: SG | B44: SEGURO E GARANTIA | D44: 0.0048 | F44: 0.003 | G44: 0.0048 | H44: 0.0082
A45: R | B45: RISCO | D45: 0.0085 | F45: 0.0056 | G45: 0.0085 | H45: 0.0089
A46: DF | B46: DESPESAS FINANCEIRAS | D46: 0.0085 | F46: 0.0085 | G46: 0.0085 | H46: 0.0111
A47: L | B47: LUCRO | D47: 0.0396 | F47: 0.035 | G47: 0.0511 | H47: 0.0622
A48: CP | B48: TRIBUTOS (COFINS 3% E PIS 0,65%) | D48: 0.0365 | F48: 0.0365 | G48: 0.0365 | H48: 0.0365
A49: ISS | B49: TRIBUTOS (ISSQN) | D49: 0 | F49: 0 | G49: 0.025 | H49: 0.05
A50: CPRB | B50: TRIBUTOS (CP SOBRE RB - DESONER.) | D50: 0.045 | F50: 0 | G50: 0.045 | H50: 0.045
A51: BDI | B51: SEM DESONERAÇÃO (Fórmula Acórdão TCU) | D51: =ROUND((((1+D43+D44+D45)*(1+D46)*(1+D47)/(1-(D48+D49)))-1),4) -> 0.1402 | F51: 0.111 | G51: 0.1402 | H51: 0.168
A52: BDI | B52: COM DESONERAÇÃO | D52: =ROUND((((1+D43+D44+D45)*(1+D46)*(1+D47)/(1-(D48+D49+D50)))-1),4) -> 0.196
A53: O VALOR DO BDI 2 ADOTADO É: 14,02%. | F53: Conforme Acordão Nº 2622/2013 - TCU.
A56: Os valores de BDI foram calculados com o emprego da fórmula:
A62: ='ANEXO IX.1 - ORÇAMENTO'!A210 -> [LOCAL E DATA]
B63: Representante Legal:
B68: ='ANEXO IX.1 - ORÇAMENTO'!$I$217 -> [NOME DO REPRESENTANTE LEGAL]
B69: ='ANEXO IX.1 - ORÇAMENTO'!$I$218 -> [CARGO]
B70: ='ANEXO IX.1 - ORÇAMENTO'!$I$219 -> [NOME DA EMPRESA]
B71: ='ANEXO IX.1 - ORÇAMENTO'!$I$220 -> [CNPJ N° ]

Sheet ANEXO IX.3 - COMPOSIÇÕES
A1: [LOGO DA EMPRESA] | C1: [NOME DA EMPRESA] [ENDEREÇO, TELEFONE, E-MAIL] [CNPJ]
A3: ANEXO IX.3
A4: COMPOSIÇÃO DE PREÇO UNITÁRIA - CPU
A6: OBRA: | G6: DATA BASE:
A7: ='ANEXO IX.1 - ORÇAMENTO'!A4:E4 -> REFORMA E ADEQUAÇÃO DA ESTAÇÃO ELEVATÓRIA DE ESGOTO DE ÁGUA FRIA | G7: 46023
A9: LOCAL: | E9: FONTE: SINAPI 11-2025 / CPOS 09-2025 / SABESP 09-2025 - (NÃO DESONERADO)
A10: ='ANEXO IX.1 - ORÇAMENTO'!A7:E7 -> AV. TETRACAMPEONATO, S/N°, CIDADE ARACY, SÃO CARLOS, SP
J11: DADOS REF. AO ORÇAMENTO BASE DA LICITAÇÃO
A12: Item | B12: Fonte (Ref.) | C12: Código | D12: Descrição | E12: UN | F12: Coeficiente | G12: Valor Unitário (R$) | H12: Valor Total (R$) | J12: Valor Unitário (R$)
A13: C | B13: SAAE | C13: S001 | D13: TRANSPORTE DE TANQUE EM PRFV POSTO EM OBRA - FRETE | E13: UN | H13: =SUM(H14:H15) -> 0
A14: CA | B14: CPOS (09/2025) | C14: 70.20.020 | D14: =UPPER("Transporte de equipamentos com caminhão carroceria em rodovia pavimentada") -> TRANSPORTE DE EQUIPAMENTOS COM CAMINHÃO CARROCERIA EM RODOVIA PAVIMENTADA | E14: KM | F14: 150 | H14: =TRUNC(F14*G14,2) -> 0 | J14: 10.97
A15: CA | B15: SINAPI (11/2025) | C15: 100947 | D15: TRANSPORTE COM CAMINHÃO CARROCERIA 9T, EM VIA URBANA PAVIMENTADA, DMT ATÉ 30KM (UNIDADE: TXKM). AF_07/2020 | E15: TXKM | F15: 15 | H15: =TRUNC(F15*G15,2) -> 0 | J15: 2.59
A16: C | B16: SAAE | C16: S002 | D16: INSTALAÇÃO DE TANQUES DE PRFV | E16: UN | H16: =SUM(H17:H20) -> 0
A17: CA | B17: SINAPI (11/2025) | C17: 93402 | D17: GUINDAUTO HIDRÁULICO, CAPACIDADE MÁXIMA DE CARGA 3300 KG, MOMENTO MÁXIMO DE CARGA 5,8 TM, ALCANCE MÁXIMO HORIZONTAL 7,60 M, INCLUSIVE CAMINHÃO TOCO PBT 16.000 KG, POTÊNCIA DE 189 CV - CHP DIURNO. AF_03/2016 | E17: CHP | F17: =16*0.4 -> 6.4 | H17: =TRUNC(F17*G17,2) -> 0 | J17: 302.17
A18: CA | B18: SINAPI (11/2025) | C18: 5930 | D18: GUINDAUTO HIDRÁULICO, CAPACIDADE MÁXIMA DE CARGA 6200 KG, MOMENTO MÁXIMO DE CARGA 11,7 TM, ALCANCE MÁXIMO HORIZONTAL 9,70 M, INCLUSIVE CAMINHÃO TOCO PBT 16.000 KG, POTÊNCIA DE 189 CV - CHI DIURNO. AF_06/2014 | E18: CHI | F18: =16*0.6 -> 9.6 | H18: =TRUNC(F18*G18,2) -> 0 | J18: 86.13
A19: CA | B19: SINAPI (11/2025) | C19: 88267 | D19: ENCANADOR OU BOMBEIRO HIDRÁULICO COM ENCARGOS COMPLEMENTARES | E19: H | F19: 16 | H19: =TRUNC(F19*G19,2) -> 0 | J19: 40.92
A20: CA | B20: SINAPI (11/2025) | C20: 88248 | D20: AUXILIAR DE ENCANADOR OU BOMBEIRO HIDRÁULICO COM ENCARGOS COMPLEMENTARES | E20: H | F20: =F19*2 -> 32 | H20: =TRUNC(F20*G20,2) -> 0 | J20: 34.26
A21: C | B21: SAAE | D21: STOP-LOG EM POLIPROPILENO (PP) COM QUADRO-GUIA E BORRACHA NITRÍLICA DE VEDAÇÃO, COMPONENTES EM RESINA E AÇO INOX - FORNECIMENTO E MONTAGEM | E21: M2 | H21: =SUM(H22:H27) -> 0
A22: CA | B22: CPOS (09/2025) | C22: REF. 54.08.010 | D22: ESTRUTURA EM POLIPROPILENO (PP) | E22: KG | F22: =900*0.03*1.2 -> 32.4 | H22: =TRUNC(F22*G22,2) -> 0
A23: I | B23: COTADO | C23: C001 | D23: =#REF! -> #REF! | E23: M2 | F23: 1.2 | H23: =TRUNC(F23*G23,2) -> 0
A24: CA | B24: CPOS (09/2025) | C24: REF. 21.10.210 | D24: VEDAÇÃO EM BORRACHA NITRÍLICA | E24: M | F24: =(2*(0.85*2+0.45)/(0.85*0.45)+4*(0.85*2+0.54)/(0.85*0.54))/6 -> 5.1270879 | H24: =TRUNC(F24*G24,2) -> 0
A25: I | B25: SABESP (09/2025) | C25: HM01288 | D25: CHUMBADOR AÇO INOXIDÁVEL D=1/4" X L=2" COM PARAFUSO TIPO CBA | E25: UN | F25: =(2*(6/(0.85*0.45))+4*(6/(0.85*0.54)))/6 -> 13.943355 | H25: =TRUNC(F25*G25,2) -> 0
A26: CA | B26: SABESP (09/2025) | C26: 70190181 | D26: APLIC.DE REVESTIM. DE RESINA ACRÍLICA E CIMENTO C/ALTA ALCALIN. E ADITIVO INIBIDOR DE CORROSÃO - DUAS DEMÃOS | E26: M | F26: =(2*(0.85*2+0.45)/(0.85*0.45)+4*(0.85*2+0.54)/(0.85*0.54))/6 -> 5.1270879 | H26: =TRUNC(F26*G26,2) -> 0
A27: CA | B27: SABESP (09/2025) | C27: 70140133 | D27: STOP-LOG - MONTAGEM | E27: M2 | F27: 1 | H27: =TRUNC(F27*G27,2) -> 0
A28: C | B28: SAAE | C28: S003 | D28: STOP-LOG EM FIBRA DE VIDRO (PRFV) COM GUIAS EMBUTIDAS, C/ QUADRO E ACIONAMENTO MANUAL COM VOLANTE | E28: CJ | H28: =SUM(H29:H33) -> 0
A29: CA | B29: CPOS (09/2025) | C29: 67.02.320 | D29: COMPORTA EM FIBRA DE VIDRO (STOP LOG) - ESPESSURA DE 10MM | E29: M2 | F29: =1.46*0.6 -> 0.876 | H29: =TRUNC(F29*G29,2) -> 0 | J29: 5791.36
A30: I | B30: SABESP (09/2025) | C30: REF. HM06361 | D30: HASTE DE PROLONGAMENTO C/QUADRADO E BOCA DE CHAVE FERRO TREFILADO D=1.1/8" X L=5 M (5 KG/M) PINTURA EPÓXI AZUL P/MANOBRA DE VÁLVULAS | E30: UN | F30: 1 | H30: =TRUNC(F30*G30,2) -> 0 | J30: 2021.31
A31: CA | B31: SCO (11/2025) | C31: DR 15.50.0062 | D31: VOLANTE DE FERRO FUNDIDO DUCTIL REFERENCIA NO 21, BARBARA OU SIMILAR. FORNECIMENTO E ASSENTAMENTO. | E31: UN | F31: 1 | H31: =TRUNC(F31*G31,2) -> 0 | J31: 206.84
A32: CA | B32: SABESP (09/2025) | C32: 70140093 | D32: PEDESTAL DE MANOBRA OU SUSPENSÃO ACIONAMENTO MANUAL - MONTAGEM | E32: UN | F32: 1 | H32: =TRUNC(F32*G32,2) -> 0 | J32: 1058.87
H33: =TRUNC(F33*G33,2) -> 0
A36: ='ANEXO IX.1 - ORÇAMENTO'!A210 -> [LOCAL E DATA]
C38: Representante Legal:
C42: ='ANEXO IX.1 - ORÇAMENTO'!$I$217 -> [NOME DO REPRESENTANTE LEGAL]
C43: ='ANEXO IX.1 - ORÇAMENTO'!$I$218 -> [CARGO]
C44: ='ANEXO IX.1 - ORÇAMENTO'!$I$219 -> [NOME DA EMPRESA]
C45: ='ANEXO IX.1 - ORÇAMENTO'!$I$220 -> [CNPJ N° ]

Sheet ANEXO IX.4 - CRONOGRAMA
A1: [LOGO DA EMPRESA] | B1: [NOME DA EMPRESA] [ENDEREÇO, TELEFONE, E-MAIL] [CNPJ] | G1: ANEXO IX.4 CRONOGRAMA FÍSICO-FINANCEIRO
A3: OBRA: | E3: LOCAL: | J3: DATA BASE:
A4: ='ANEXO IX.1 - ORÇAMENTO'!A4:E4 -> REFORMA E ADEQUAÇÃO DA ESTAÇÃO ELEVATÓRIA DE ESGOTO DE ÁGUA FRIA | E4: AV. TETRACAMPEONATO, S/N°, CIDADE ARACY, SÃO CARLOS, SP | J4: 46023
A6: Item | B6: Descrição | C6: Meses | I6: Total (C/ BDI) | J6: %
C7: Mês 01 | D7: Mês 02 | E7: Mês 03 | F7: Mês 04 | G7: Mês 05 | H7: Mês 06
A8: 1 | B8: =IFERROR(VLOOKUP(A8,PO_R2,4,0),"") -> SERVIÇOS PRELIMINARES E CANTEIRO DE OBRAS | C8: =IF(C9="","",C9*$I$8) -> 0 | D8: =IF(D9="","",D9*$I$8) -> 0 | E8: =IF(E9="","",E9*$I$8) -> 0 | F8: =IF(F9="","",F9*$I$8) -> 0 | G8: =IF(G9="","",G9*$I$8) -> 0 | H8: =IF(H9="","",H9*$I$8) -> 0 | I8: =IFERROR(VLOOKUP(A8,PO_R2,12,0),"") -> 0 | J8: =IFERROR(VLOOKUP(A8,PO_R2,13,0),"")
C9: 0.5 | D9: 0.1 | E9: 0.1 | F9: 0.1 | G9: 0.1 | H9: 0.1 | L9: =IF(SUM(C9:H9)=100%,"Ok","Revisar percentuais") -> Ok
A10: 2 | B10: =IFERROR(VLOOKUP(A10,PO_R2,4,0),"") -> EXECUÇÃO DE LIGAÇÃO PROVISÓRIA AO POÇO DE SUCÇÃO | C10: =IF(C11="","",C11*$I10) -> 0 | D10: =IF(D11="","",D11*$I10) | E10: =IF(E11="","",E11*$I10) | F10: =IF(F11="","",F11*$I10) | G10: =IF(G11="","",G11*$I10) | H10: =IF(H11="","",H11*$I10) | I10: =IFERROR(VLOOKUP(A10,PO_R2,12,0),"") -> 0 | J10: =IFERROR(VLOOKUP(A10,PO_R2,13,0),"")
C11: 1 | L11: =IF(SUM(C11:H11)=100%,"Ok","Revisar percentuais") -> Ok
A12: 3 | B12: =IFERROR(VLOOKUP(A12,PO_R2,4,0),"") -> REDE DE ESGOTO SANITÁRIO (ES) | C12: =IF(C13="","",C13*$I12) -> 0 | D12: =IF(D13="","",D13*$I12) | E12: =IF(E13="","",E13*$I12) | F12: =IF(F13="","",F13*$I12) | G12: =IF(G13="","",G13*$I12) | H12: =IF(H13="","",H13*$I12) | I12: =IFERROR(VLOOKUP(A12,PO_R2,12,0),"") -> 0 | J12: =IFERROR(VLOOKUP(A12,PO_R2,13,0),"")
C13: 1 | L13: =IF(SUM(C13:H13)=100%,"Ok","Revisar percentuais") -> Ok
A14: 4 | B14: =IFERROR(VLOOKUP(A14,PO_R2,4,0),"") -> REDE DE ÁGUAS PLUVIAIS (AP) | C14: =IF(C15="","",C15*$I14) -> 0 | D14: =IF(D15="","",D15*$I14) | E14: =IF(E15="","",E15*$I14) | F14: =IF(F15="","",F15*$I14) | G14: =IF(G15="","",G15*$I14) | H14: =IF(H15="","",H15*$I14) | I14: =IFERROR(VLOOKUP(A14,PO_R2,12,0),"") -> 0 | J14: =IFERROR(VLOOKUP(A14,PO_R2,13,0),"")
C15: 1 | L15: =IF(SUM(C15:H15)=100%,"Ok","Revisar percentuais") -> Ok
A16: 5 | B16: =IFERROR(VLOOKUP(A16,PO_R2,4,0),"") -> ESCAVAÇÃO: TRATAMENTO PRELIMINAR | C16: =IF(C17="","",C17*$I16) | D16: =IF(D17="","",D17*$I16) -> 0 | E16: =IF(E17="","",E17*$I16) | F16: =IF(F17="","",F17*$I16) | G16: =IF(G17="","",G17*$I16) | H16: =IF(H17="","",H17*$I16) | I16: =IFERROR(VLOOKUP(A16,PO_R2,12,0),"") -> 0 | J16: =IFERROR(VLOOKUP(A16,PO_R2,13,0),"")
D17: 1 | L17: =IF(SUM(C17:H17)=100%,"Ok","Revisar percentuais") -> Ok
A18: 6 | B18: =IFERROR(VLOOKUP(A18,PO_R2,4,0),"") -> ESCAVAÇÃO: TANQUES PULMÃO | C18: =IF(C19="","",C19*$I18) | D18: =IF(D19="","",D19*$I18) | E18: =IF(E19="","",E19*$I18) | F18: =IF(F19="","",F19*$I18) -> 0 | G18: =IF(G19="","",G19*$I18) | H18: =IF(H19="","",H19*$I18) | I18: =IFERROR(VLOOKUP(A18,PO_R2,12,0),"") -> 0 | J18: =IFERROR(VLOOKUP(A18,PO_R2,13,0),"")
F19: 1 | L19: =IF(SUM(C19:H19)=100%,"Ok","Revisar percentuais") -> Ok
A20: 7 | B20: =IFERROR(VLOOKUP(A20,PO_R2,4,0),"") -> ESTRUTURA DE CONCRETO: TRATAMENTO PRELIMINAR (EEE) | C20: =IF(C21="","",C21*$I20) | D20: =IF(D21="","",D21*$I20) -> 0 | E20: =IF(E21="","",E21*$I20) -> 0 | F20: =IF(F21="","",F21*$I20) | G20: =IF(G21="","",G21*$I20) | H20: =IF(H21="","",H21*$I20) | I20: =IFERROR(VLOOKUP(A20,PO_R2,12,0),"") -> 0 | J20: =IFERROR(VLOOKUP(A20,PO_R2,13,0),"")
D21: 0.5 | E21: 0.5 | L21: =IF(SUM(C21:H21)=100%,"Ok","Revisar percentuais") -> Ok
A22: 8 | B22: =IFERROR(VLOOKUP(A22,PO_R2,4,0),"") -> MURO DE ARRIMO: TRATAMENTO PRELIMINAR (EEE) | C22: =IF(C23="","",C23*$I22) | D22: =IF(D23="","",D23*$I22) | E22: =IF(E23="","",E23*$I22) -> 0 | F22: =IF(F23="","",F23*$I22) | G22: =IF(G23="","",G23*$I22) | H22: =IF(H23="","",H23*$I22) | I22: =IFERROR(VLOOKUP(A22,PO_R2,12,0),"") -> 0 | J22: =IFERROR(VLOOKUP(A22,PO_R2,13,0),"")
E23: 1 | L23: =IF(SUM(C23:H23)=100%,"Ok","Revisar percentuais") -> Ok
A24: 9 | B24: =IFERROR(VLOOKUP(A24,PO_R2,4,0),"") -> ESCADAS DE ACESSO: TRATAMENTO PRELIMINAR (EEE) | C24: =IF(C25="","",C25*$I24) | D24: =IF(D25="","",D25*$I24) | E24: =IF(E25="","",E25*$I24) -> 0 | F24: =IF(F25="","",F25*$I24) | G24: =IF(G25="","",G25*$I24) | H24: =IF(H25="","",H25*$I24) | I24: =IFERROR(VLOOKUP(A24,PO_R2,12,0),"") -> 0 | J24: =IFERROR(VLOOKUP(A24,PO_R2,13,0),"")
E25: 1 | L25: =IF(SUM(C25:H25)=100%,"Ok","Revisar percentuais") -> Ok
A26: 10 | B26: =IFERROR(VLOOKUP(A26,PO_R2,4,0),"") -> PISO DE CONCRETO: TRATAMENTO PRELIMINAR (EEE) | C26: =IF(C27="","",C27*$I26) | D26: =IF(D27="","",D27*$I26) | E26: =IF(E27="","",E27*$I26) -> 0 | F26: =IF(F27="","",F27*$I26) | G26: =IF(G27="","",G27*$I26) | H26: =IF(H27="","",H27*$I26) | I26: =IFERROR(VLOOKUP(A26,PO_R2,12,0),"") -> 0 | J26: =IFERROR(VLOOKUP(A26,PO_R2,13,0),"")
E27: 1 | L27: =IF(SUM(C27:H27)=100%,"Ok","Revisar percentuais") -> Ok
A28: 11 | B28: =IFERROR(VLOOKUP(A28,PO_R2,4,0),"") -> ACESSÓRIOS: TRATAMENTO PRELIMINAR (EEE) | C28: =IF(C29="","",C29*$I28) | D28: =IF(D29="","",D29*$I28) | E28: =IF(E29="","",E29*$I28) -> 0 | F28: =IF(F29="","",F29*$I28) | G28: =IF(G29="","",G29*$I28) | H28: =IF(H29="","",H29*$I28) | I28: =IFERROR(VLOOKUP(A28,PO_R2,12,0),"") -> 0 | J28: =IFERROR(VLOOKUP(A28,PO_R2,13,0),"")
E29: 1 | L29: =IF(SUM(C29:H29)=100%,"Ok","Revisar percentuais") -> Ok
A30: 12 | B30: =IFERROR(VLOOKUP(A30,PO_R2,4,0),"") -> REATERRO COMPACTADO: TRATAMENTO PRELIMINAR (EEE) | C30: =IF(C31="","",C31*$I30) | D30: =IF(D31="","",D31*$I30) | E30: =IF(E31="","",E31*$I30) -> 0 | F30: =IF(F31="","",F31*$I30) | G30: =IF(G31="","",G31*$I30) | H30: =IF(H31="","",H31*$I30) | I30: =IFERROR(VLOOKUP(A30,PO_R2,12,0),"") -> 0 | J30: =IFERROR(VLOOKUP(A30,PO_R2,13,0),"")
E31: 1 | L31: =IF(SUM(C31:H31)=100%,"Ok","Revisar percentuais") -> Ok
A32: 13 | B32: =IFERROR(VLOOKUP(A32,PO_R2,4,0),"") -> TANQUES PULMÃO | C32: =IF(C33="","",C33*$I32) | D32: =IF(D33="","",D33*$I32) | E32: =IF(E33="","",E33*$I32) -> 0 | F32: =IF(F33="","",F33*$I32) -> 0 | G32: =IF(G33="","",G33*$I32) | H32: =IF(H33="","",H33*$I32) | I32: =IFERROR(VLOOKUP(A32,PO_R2,12,0),"") -> 0 | J32: =IFERROR(VLOOKUP(A32,PO_R2,13,0),"")
E33: 0.0343 | F33: 0.9657 | L33: =IF(SUM(C33:H33)=100%,"Ok","Revisar percentuais") -> Ok
A34: 14 | B34: =IFERROR(VLOOKUP(A34,PO_R2,4,0),"") -> CAIXAS PARA VÁLVULAS DE MANOBRA: TANQUES PULMÃO | C34: =IF(C35="","",C35*$I34) | D34: =IF(D35="","",D35*$I34) | E34: =IF(E35="","",E35*$I34) | F34: =IF(F35="","",F35*$I34) -> 0 | G34: =IF(G35="","",G35*$I34) | H34: =IF(H35="","",H35*$I34) | I34: =IFERROR(VLOOKUP(A34,PO_R2,12,0),"") -> 0 | J34: =IFERROR(VLOOKUP(A34,PO_R2,13,0),"")
F35: 1 | L35: =IF(SUM(C35:H35)=100%,"Ok","Revisar percentuais") -> Ok
A36: 15 | B36: =IFERROR(VLOOKUP(A36,PO_R2,4,0),"") -> REATERRO COMPACTADO: TANQUES PULMÃO | C36: =IF(C37="","",C37*$I36) | D36: =IF(D37="","",D37*$I36) | E36: =IF(E37="","",E37*$I36) | F36: =IF(F37="","",F37*$I36) -> 0 | G36: =IF(G37="","",G37*$I36) | H36: =IF(H37="","",H37*$I36) | I36: =IFERROR(VLOOKUP(A36,PO_R2,12,0),"") -> 0 | J36: =IFERROR(VLOOKUP(A36,PO_R2,13,0),"")
F37: 1 | L37: =IF(SUM(C37:H37)=100%,"Ok","Revisar percentuais") -> Ok
A38: 16 | B38: =IFERROR(VLOOKUP(A38,PO_R2,4,0),"") -> INSTALAÇÕES HIDRÁULICAS | C38: =IF(C39="","",C39*$I38) | D38: =IF(D39="","",D39*$I38) | E38: =IF(E39="","",E39*$I38) | F38: =IF(F39="","",F39*$I38) -> 0 | G38: =IF(G39="","",G39*$I38) -> 0 | H38: =IF(H39="","",H39*$I38) | I38: =IFERROR(VLOOKUP(A38,PO_R2,12,0),"") -> 0 | J38: =IFERROR(VLOOKUP(A38,PO_R2,13,0),"")
F39: 0.5 | G39: 0.5 | L39: =IF(SUM(C39:H39)=100%,"Ok","Revisar percentuais") -> Ok
A40: 17 | B40: =IFERROR(VLOOKUP(A40,PO_R2,4,0),"") -> LINHA DE RECALQUE (EEE) | C40: =IF(C41="","",C41*$I40) | D40: =IF(D41="","",D41*$I40) | E40: =IF(E41="","",E41*$I40) | F40: =IF(F41="","",F41*$I40) | G40: =IF(G41="","",G41*$I40) -> 0 | H40: =IF(H41="","",H41*$I40) | I40: =IFERROR(VLOOKUP(A40,PO_R2,12,0),"") -> 0 | J40: =IFERROR(VLOOKUP(A40,PO_R2,13,0),"")
G41: 1 | L41: =IF(SUM(C41:H41)=100%,"Ok","Revisar percentuais") -> Ok
A42: 18 | B42: =IFERROR(VLOOKUP(A42,PO_R2,4,0),"") -> DRENAGEM INTERNA (EEE) | C42: =IF(C43="","",C43*$I42) | D42: =IF(D43="","",D43*$I42) | E42: =IF(E43="","",E43*$I42) | F42: =IF(F43="","",F43*$I42) -> 0 | G42: =IF(G43="","",G43*$I42) | H42: =IF(H43="","",H43*$I42) | I42: =IFERROR(VLOOKUP(A42,PO_R2,12,0),"") -> 0 | J42: =IFERROR(VLOOKUP(A42,PO_R2,13,0),"")
F43: 1 | L43: =IF(SUM(C43:H43)=100%,"Ok","Revisar percentuais") -> Ok
A44: 19 | B44: =IFERROR(VLOOKUP(A44,PO_R2,4,0),"") -> PAVIMENTAÇÃO EXTERNA | C44: =IF(C45="","",C45*$I44) | D44: =IF(D45="","",D45*$I44) -> 0 | E44: =IF(E45="","",E45*$I44) | F44: =IF(F45="","",F45*$I44) | G44: =IF(G45="","",G45*$I44) | H44: =IF(H45="","",H45*$I44) | I44: =IFERROR(VLOOKUP(A44,PO_R2,12,0),"") -> 0 | J44: =IFERROR(VLOOKUP(A44,PO_R2,13,0),"")
D45: 1 | L45: =IF(SUM(C45:H45)=100%,"Ok","Revisar percentuais") -> Ok
A46: 20 | B46: =IFERROR(VLOOKUP(A46,PO_R2,4,0),"") -> PAVIMENTAÇÃO INTERNA | C46: =IF(C47="","",C47*$I46) | D46: =IF(D47="","",D47*$I46) | E46: =IF(E47="","",E47*$I46) | F46: =IF(F47="","",F47*$I46) | G46: =IF(G47="","",G47*$I46) | H46: =IF(H47="","",H47*$I46) -> 0 | I46: =IFERROR(VLOOKUP(A46,PO_R2,12,0),"") -> 0 | J46: =IFERROR(VLOOKUP(A46,PO_R2,13,0),"")
H47: 1 | L47: =IF(SUM(C47:H47)=100%,"Ok","Revisar percentuais") -> Ok
A48: 21 | B48: =IFERROR(VLOOKUP(A48,PO_R2,4,0),"") -> PINTURA CABINE DE OPERAÇÕES: PAREDES EXTERNAS | C48: =IF(C49="","",C49*$I48) | D48: =IF(D49="","",D49*$I48) | E48: =IF(E49="","",E49*$I48) | F48: =IF(F49="","",F49*$I48) | G48: =IF(G49="","",G49*$I48) | H48: =IF(H49="","",H49*$I48) -> 0 | I48: =IFERROR(VLOOKUP(A48,PO_R2,12,0),"") -> 0 | J48: =IFERROR(VLOOKUP(A48,PO_R2,13,0),"")
H49: 1 | L49: =IF(SUM(C49:H49)=100%,"Ok","Revisar percentuais") -> Ok
A50: 22 | B50: =IFERROR(VLOOKUP(A50,PO_R2,4,0),"") -> PINTURA CABINE DE OPERAÇÕES: PAREDES INTERNAS | C50: =IF(C51="","",C51*$I50) | D50: =IF(D51="","",D51*$I50) | E50: =IF(E51="","",E51*$I50) | F50: =IF(F51="","",F51*$I50) | G50: =IF(G51="","",G51*$I50) | H50: =IF(H51="","",H51*$I50) -> 0 | I50: =IFERROR(VLOOKUP(A50,PO_R2,12,0),"") -> 0 | J50: =IFERROR(VLOOKUP(A50,PO_R2,13,0),"")
H51: 1 | L51: =IF(SUM(C51:H51)=100%,"Ok","Revisar percentuais") -> Ok
A52: 23 | B52: =IFERROR(VLOOKUP(A52,PO_R2,4,0),"") -> PINTURA CABINE DE OPERAÇÕES: PLATIBANDA | C52: =IF(C53="","",C53*$I52) | D52: =IF(D53="","",D53*$I52) | E52: =IF(E53="","",E53*$I52) | F52: =IF(F53="","",F53*$I52) | G52: =IF(G53="","",G53*$I52) | H52: =IF(H53="","",H53*$I52) -> 0 | I52: =IFERROR(VLOOKUP(A52,PO_R2,12,0),"") -> 0 | J52: =IFERROR(VLOOKUP(A52,PO_R2,13,0),"")
H53: 1 | L53: =IF(SUM(C53:H53)=100%,"Ok","Revisar percentuais") -> Ok
A54: 24 | B54: =IFERROR(VLOOKUP(A54,PO_R2,4,0),"") -> PINTURA CABINE DE OPERAÇÕES: PISO INTERNO | C54: =IF(C55="","",C55*$I54) | D54: =IF(D55="","",D55*$I54) | E54: =IF(E55="","",E55*$I54) | F54: =IF(F55="","",F55*$I54) | G54: =IF(G55="","",G55*$I54) | H54: =IF(H55="","",H55*$I54) -> 0 | I54: =IFERROR(VLOOKUP(A54,PO_R2,12,0),"") -> 0 | J54: =IFERROR(VLOOKUP(A54,PO_R2,13,0),"")
H55: 1 | L55: =IF(SUM(C55:H55)=100%,"Ok","Revisar percentuais") -> Ok
A56: 25 | B56: =IFERROR(VLOOKUP(A56,PO_R2,4,0),"") -> PINTURA CABINE DE OPERAÇÕES: ESQUADRIAS METÁLICAS | C56: =IF(C57="","",C57*$I56) | D56: =IF(D57="","",D57*$I56) | E56: =IF(E57="","",E57*$I56) | F56: =IF(F57="","",F57*$I56) | G56: =IF(G57="","",G57*$I56) | H56: =IF(H57="","",H57*$I56) -> 0 | I56: =IFERROR(VLOOKUP(A56,PO_R2,12,0),"") -> 0 | J56: =IFERROR(VLOOKUP(A56,PO_R2,13,0),"")
H57: 1 | L57: =IF(SUM(C57:H57)=100%,"Ok","Revisar percentuais") -> Ok
A58: 26 | B58: =IFERROR(VLOOKUP(A58,PO_R2,4,0),"") -> SERVIÇOS COMPLEMENTARES | C58: =IF(C59="","",C59*$I58) | D58: =IF(D59="","",D59*$I58) | E58: =IF(E59="","",E59*$I58) | F58: =IF(F59="","",F59*$I58) | G58: =IF(G59="","",G59*$I58) | H58: =IF(H59="","",H59*$I58) -> 0 | I58: =IFERROR(VLOOKUP(A58,PO_R2,12,0),"") -> 0 | J58: =IFERROR(VLOOKUP(A58,PO_R2,13,0),"")
H59: 1 | L59: =IF(SUM(C59:H59)=100%,"Ok","Revisar percentuais") -> Ok
A60: 27 | B60: =IFERROR(VLOOKUP(A60,PO_R2,4,0),"") -> ELABORAÇÃO DE VIDEO PUBLICITÁRIO E PRESSRELEASE | C60: =IF(C61="","",C61*$I60) | D60: =IF(D61="","",D61*$I60) | E60: =IF(E61="","",E61*$I60) | F60: =IF(F61="","",F61*$I60) | G60: =IF(G61="","",G61*$I60) | H60: =IF(H61="","",H61*$I60) -> 0 | I60: =IFERROR(VLOOKUP(A60,PO_R2,12,0),"") -> 0 | J60: =IFERROR(VLOOKUP(A60,PO_R2,13,0),"")
H61: 1 | L61: =IF(SUM(C61:H61)=100%,"Ok","Revisar percentuais") -> Ok
A63: S U B T O T A L (com BDI) | C63: =SUM(C8,C10,C12,C14,C16,C18,C20,C22,C24,C26,C28,C30,C32,C34,C36,C38,C40,C42,C44,C46,C48,C50,C52,C54,C56,C58,C60) -> 0 | D63: =SUM(D8,D10,D12,D14,D16,D18,D20,D22,D24,D26,D28,D30,D32,D34,D36,D38,D40,D42,D44,D46,D48,D50,D52,D54,D56,D58,D60) -> 0 | E63: =SUM(E8,E10,E12,E14,E16,E18,E20,E22,E24,E26,E28,E30,E32,E34,E36,E38,E40,E42,E44,E46,E48,E50,E52,E54,E56,E58,E60) -> 0 | F63: =SUM(F8,F10,F12,F14,F16,F18,F20,F22,F24,F26,F28,F30,F32,F34,F36,F38,F40,F42,F44,F46,F48,F50,F52,F54,F56,F58,F60) -> 0 | G63: =SUM(G8,G10,G12,G14,G16,G18,G20,G22,G24,G26,G28,G30,G32,G34,G36,G38,G40,G42,G44,G46,G48,G50,G52,G54,G56,G58,G60) -> 0 | H63: =SUM(H8,H10,H12,H14,H16,H18,H20,H22,H24,H26,H28,H30,H32,H34,H36,H38,H40,H42,H44,H46,H48,H50,H52,H54,H56,H58,H60) -> 0 | I63: =IF(SUM(I8:I61)='ANEXO IX.1 - ORÇAMENTO'!L207,SUM(I8:I61),"ERRO") -> 0 | J63: =SUM(J8:J61) -> 0
C64: =C63/$I$63 -> #DIV/0! | D64: =D63/$I$63 -> #DIV/0! | E64: =E63/$I$63 -> #DIV/0! | F64: =F63/$I$63 -> #DIV/0! | G64: =G63/$I$63 -> #DIV/0! | H64: =H63/$I$63 -> #DIV/0!
A65: T O T A L A C U M U L A D O (com BDI) | C65: =C63 -> 0 | D65: =C65+D63 -> 0 | E65: =D65+E63 -> 0 | F65: =E65+F63 -> 0 | G65: =F65+G63 -> 0 | H65: =G65+H63 -> 0
C66: =C65/$I$63 -> #DIV/0! | D66: =D65/$I$63 -> #DIV/0! | E66: =E65/$I$63 -> #DIV/0! | F66: =F65/$I$63 -> #DIV/0! | G66: =G65/$I$63 -> #DIV/0! | H66: =H65/$I$63 -> #DIV/0!
A68: ='ANEXO IX.1 - ORÇAMENTO'!A210 -> [LOCAL E DATA]
G69: Representante Legal:
G73: ='ANEXO IX.1 - ORÇAMENTO'!$I$217 -> [NOME DO REPRESENTANTE LEGAL]
G74: ='ANEXO IX.1 - ORÇAMENTO'!$I$218 -> [CARGO]
G75: ='ANEXO IX.1 - ORÇAMENTO'!$I$219 -> [NOME DA EMPRESA]
G76: ='ANEXO IX.1 - ORÇAMENTO'!$I$220 -> [CNPJ N° ]
